 Dungeon Crawl Stone Soup version 0.28-a0-604-g249bb1af34 (webtiles) character file.

Game seed: 4521132633865471795

627306 IndexError the Sensei (level 27, -3/211 HPs)
             Began as a Gnoll Ice Elementalist on Oct 1, 2021.
             Was the Champion of Ashenzari.
             Killed from afar by a Killer Klown (38 damage)
             ... with a klown pie
             ... on level 5 of the Realm of Zot on Oct 5, 2021.
             The game lasted 05:16:09 (114297 turns).

IndexError the Sensei (Gnoll Ice Elementalist)    Turns: 114297, Time: 05:16:10

Health: -3/211     AC: 29    Str:  6 (8)  XL:     27
Magic:  43/59      EV: 17    Int: 27 (28) God:    Ashenzari [******]
Gold:   5149       SH: 17    Dex: 18 (20) Spells: 2/73 levels left

rFire   + . .      SeeInvis +   w - +5 hunting sling of the Shattered Repose {flame, Range, Elem} (curse)
rCold   + . .      Faith    .   W - +2 buckler "Eternal Together" {rC+, Cun, Fort} (curse)
rNeg    . . .      Spirit   .   q - +3 ring mail "Eternal Together" {rF+, Elem, Self} (curse)
rPois   +          Reflect  +   K - +2 helmet "Overhang to Understand" {Int+3, Elem, Range} (curse)
rElec   +          Harm     .   l - +2 cloak "Restrained With Me" {Elem, Range} (curse)
rCorr   .          Rampage  .   P - +2 pair of gloves "Insecurity of the Sky" {Dex+3, Bglg, Fort} (curse)
Will    +++..      Clarity  +   I - +2 pair of boots of Ashenzari's Annoyance {Fly, Elem, Cun} (curse)
Stlth   +++++++++.              r - amulet of Ashenzari's Repose {Reflect rElec Will+ Slay+3 SH+5, Elem, Alch} (curse)
HPRegen 0.45/turn               o - ring of the Oracular Shame {MP+9, MP+9, Cun, Self} (curse)
MPRegen 0.36/turn               j - ring "Restrained With Me" {rElec rPois Dex+4, Cun, Elem} (curse)

@: vertiginous, flying, studying 3 skills, unable to read
A: fangs 1, strong nose, distributed training, clumsy 1, frail 1, inability to
read while threatened
}: 3/15 runes: decaying, serpentine, silver
a: Renounce Religion, Shatter the Chains


You were on level 5 of the Realm of Zot.
You worshipped Ashenzari.
Ashenzari was exalted by your worship.
You visited 11 branches of the dungeon, and saw 50 of its levels.
You also visited: Trove, Bailey, Ice Cave and Volcano.

You collected 9838 gold pieces.
You spent 4689 gold pieces at shops.

Inventory:

Hand Weapons
 w - the cursed +5 hunting sling of the Shattered Repose (weapon) {flame, Range, Elem}
   (You found it on level 2 of the Dungeon)

   Any ammunition fired from it burns those it strikes, dealing additional fire
   damage.
   It has a curse which improves the following skills: Ranged Combat: Slings,
   Bows, Crossbows and Throwing.
   Elements:  Fire Magic, Ice Magic, Air Magic and Earth Magic.
Missiles
 b - 186 stones
 h - 3 curare-tipped darts
 k - 8 javelins
 t - 39 boomerangs
 C - 5 throwing nets {=f, !d}
 F - 313 sling bullets (quivered ammo)
Armour
 l - the cursed +2 cloak "Restrained With Me" (worn) {Elem, Range}
   (You bought it in a shop on level 2 of the Orcish Mines)

   It has a curse which improves the following skills: Elements: Fire Magic, Ice
   Magic, Air Magic and Earth Magic.
   Ranged Combat: Slings, Bows, Crossbows and Throwing.
 q - the cursed +3 ring mail "Eternal Together" (worn) {rF+, Elem, Self}
   (You found it in a volcano)

   It has a curse which improves the following skills: Elements: Fire Magic, Ice
   Magic, Air Magic and Earth Magic.
   Introspection: Fighting and Spellcasting.
 I - the cursed +2 pair of boots of Ashenzari's Annoyance (worn) {Fly, Elem, Cun}
   (You bought it in a shop on level 2 of the Elven Halls)

   It has a curse which improves the following skills: Elements: Fire Magic, Ice
   Magic, Air Magic and Earth Magic.
   Cunning:   Dodging and Stealth.
 K - the cursed +2 helmet "Overhang to Understand" (worn) {Int+3, Elem, Range}
   (You found it on level 3 of the Elven Halls)

   It has a curse which improves the following skills: Elements: Fire Magic, Ice
   Magic, Air Magic and Earth Magic.
   Ranged Combat: Slings, Bows, Crossbows and Throwing.
 P - the cursed +2 pair of gloves "Insecurity of the Sky" (worn) {Dex+3, Bglg, Fort}
   (You bought it in a shop on level 3 of the Elven Halls)

   It has a curse which improves the following skills: Beguiling: Conjurations,
   Hexes and Translocations.
   Fortitude: Armour and Shields.
 W - the cursed +2 buckler "Eternal Together" (worn) {rC+, Cun, Fort}
   (You found it in an ice cave)

   It has a curse which improves the following skills: Cunning: Dodging and
   Stealth.
   Fortitude: Armour and Shields.
Jewellery
 j - the cursed ring "Restrained With Me" (right hand) {rElec rPois Dex+4, Cun, Elem}
   (You bought it in a shop on level 3 of the Elven Halls)

   [ring of poison resistance]

   Dex:       It affects your dexterity (+4).
   rElec:     It insulates you from electricity.
   rPois:     It protects you from poison.
   It has a curse which improves the following skills: Cunning: Dodging and
   Stealth.
   Elements:  Fire Magic, Ice Magic, Air Magic and Earth Magic.
 o - the cursed ring of the Oracular Shame (left hand) {MP+9, MP+9, Cun, Self}
   (You found it on level 3 of the Dungeon)

   [ring of magical power]

   MP:        It affects your magic capacity (+9).
   It has a curse which improves the following skills: Cunning: Dodging and
   Stealth.
   Introspection: Fighting and Spellcasting.
 r - the cursed amulet of Ashenzari's Repose (around neck) {Reflect rElec Will+ Slay+3 SH+5, Elem, Alch}
   (You acquired it on level 4 of the Vaults)

   [amulet of reflection]

   It reflects blocked missile attacks.
   Slay:      It affects your accuracy & damage with ranged weapons and melee
   (+3).
   rElec:     It insulates you from electricity.
   SH:        It affects your SH (+5).
   Will:      It increases your willpower.
   It has a curse which improves the following skills: Elements: Fire Magic, Ice
   Magic, Air Magic and Earth Magic.
   Alchemy:   Poison Magic and Transmutations.
Wands
 m - a wand of acid (22)
   (You took it off Maggie on level 1 of the Lair of Beasts)
 y - a wand of mindburst (24)
   (You took it off Erolcha on level 10 of the Dungeon)
 E - a wand of paralysis (53)
   (You found it on level 1 of the Lair of Beasts)
 H - a wand of charming (40)
   (You found it on level 11 of the Dungeon)
 O - a wand of iceblast (93)
   (You found it on level 11 of the Dungeon)
 S - a wand of polymorph (26)
   (You found it on level 14 of the Dungeon)
 Z - a wand of digging (1)
   (You took it off a deep elf archer on level 1 of the Elven Halls)
Scrolls
 c - 6 scrolls of fear
 d - 11 scrolls of fog
 e - 16 scrolls of teleportation
 f - 9 scrolls of amnesia
 i - 7 scrolls of enchant armour
 n - 3 scrolls of summoning
 s - 2 scrolls of silence
 L - 7 scrolls of enchant weapon
 N - 5 scrolls of holy word {!r}
 Q - 7 scrolls of magic mapping {!r}
 Y - 2 scrolls of blinking {!r}
Potions
 a - 18 potions of curing
 g - 4 potions of resistance
 p - 4 potions of invisibility
 u - a potion of mutation {!q}
 v - 10 potions of attraction {!q}
 x - 8 potions of lignification {!q}
 z - 9 potions of haste
 B - a potion of berserk rage {!q}
 D - 7 potions of brilliance
 J - 5 potions of might
 M - 8 potions of cancellation
 R - 5 potions of magic
 T - 6 potions of ambrosia
Miscellaneous
 G - a box of beasts
   (You found it on level 3 of the Elven Halls)
 U - a tin of tremorstones (2/2)
   (You found it on level 3 of the Lair of Beasts)
 V - a phantom mirror
   (You found it on level 15 of the Dungeon)
 X - a condenser vane
   (You found it in an ice cave)


   Skills:
 + Level 18.5(23.0) Fighting
 + Level 18.5 Short Blades
 + Level 18.5 Long Blades
 + Level 18.5 Axes
 + Level 18.5 Maces & Flails
 + Level 18.5 Polearms
 + Level 18.5 Staves
 + Level 18.5(24.5) Slings
 + Level 18.5(24.5) Bows
 + Level 18.5(24.5) Crossbows
 + Level 18.5(24.5) Throwing
 + Level 18.5(23.0) Armour
 + Level 19.0(26.3) Dodging
 + Level 19.0(26.2) Stealth
 + Level 18.5(23.0) Shields
 + Level 22.4 Unarmed Combat
 + Level 19.1(23.5) Spellcasting
 + Level 15.8(18.8) Conjurations
 + Level 15.8(18.8) Hexes
 + Level 15.8 Summonings
 + Level 15.8 Necromancy
 + Level 15.8(18.8) Translocations
 + Level 15.8(18.8) Transmutations
 + Level 15.8(26.8) Fire Magic
 + Level 21.2(27) Ice Magic
 + Level 15.8(26.8) Air Magic
 + Level 15.8(26.8) Earth Magic
 + Level 15.8(18.8) Poison Magic
 + Level 20.1 Invocations
 + Level 19.4 Evocations


You had 2 spell levels left.
You knew the following spells:

 Your Spells              Type           Power      Damage    Failure   Level
a - Discord               Hex            46%        N/A       13%         8
b - Shatter               Erth           54%        3d41*     9%          9
c - Borgnjor's Vile Clut  Necr/Erth      49%        N/A       1%          5
d - Agony                 Necr           87%        N/A       1%          5
e - Sticky Flame          Conj/Fire      100%       2d11      1%          4
f - Freezing Cloud        Conj/Ice/Air   52%        6-21      1%          5
g - Fireball              Conj/Fire      50%        3d20      1%          5
i - Flame Wave            Conj/Fire      100%       3d16      1%          4
j - Polar Vortex          Ice            54%        N/A       8%          9
k - Iron Shot             Conj/Erth      50%        9d10      1%          6
l - Lehudib's Crystal Sp  Conj/Erth      50%        10d12     4%          8
A - Ozocubu's Armour      Ice            100%       N/A       1%          3

Your spell library contained the following spells:

 Spells                   Type           Power      Damage    Failure   Level
 Animate Skeleton         Necr           100%       N/A       1%          1
 Foxfire                  Conj/Fire      100%       2x1d9     1%          1
 Freeze                   Ice            100%       1d11      1%          1
 Magic Dart               Conj           100%       1d8       1%          1
 Pain                     Necr           100%       1d9       1%          1
 Call Imp                 Summ           87%        N/A       1%          2
 Ensorcelled Hibernation  Hex/Ice        100%       N/A       1%          2
 Passwall                 Tmut/Erth      84%        N/A       1%          2
 Searing Ray              Conj           100%       2d8       1%          2
 Slow                     Hex            93%        N/A       1%          2
 Static Discharge         Conj/Air       100%       N/A       1%          2
 Call Canine Familiar     Summ           87%        N/A       1%          3
 Confusing Touch          Hex            93%        N/A       1%          3
 Conjure Flame            Conj/Fire      100%       6-21      1%          3
 Frozen Ramparts          Ice            100%       1d12      1%          3
 Gell's Gravitas          Tloc           46%        N/A       1%          3
 Ignite Poison            Fire/Tmut/Pois 99%        N/A       1%          3
 Inner Flame              Hex/Fire       100%       N/A       1%          3
 Lesser Beckoning         Tloc           93%        N/A       1%          3
 Mephitic Cloud           Conj/Pois/Air  99%        N/A       1%          3
 Portal Projectile        Hex/Tloc       100%       N/A       1%          3
 Spider Form              Tmut/Pois      46%        N/A       1%          3
 Stone Arrow              Conj/Erth      100%       3d13      1%          3
 Summon Guardian Golem    Hex/Summ       90%        N/A       1%          3
 Swiftness                Air            100%       N/A       1%          3
 Teleport Other           Tloc           93%        N/A       1%          3
 Vampiric Draining        Necr           43%        2d12      1%          3
 Airstrike                Air            54%        N/A       1%          4
 Animate Armour           Summ/Erth      100%       N/A       1%          4
 Animate Dead             Necr           43%        N/A       1%          4
 Cause Fear               Hex            46%        N/A       1%          4
 Dispel Undead            Necr           87%        3d28      1%          4
 Fulminant Prism          Conj/Hex       46%        3d21      1%          4
 Hailstorm                Conj/Ice       100%       3d20      1%          4
 Ice Form                 Ice/Tmut       100%       N/A       1%          4
 Leda's Liquefaction      Hex/Erth       50%        N/A       1%          4
 Olgreb's Toxic Radiance  Pois           93%        N/A       1%          4
 Passage of Golubria      Tloc           N/A        N/A       1%          4
 Petrify                  Tmut/Erth      100%       N/A       1%          4
 Summon Ice Beast         Ice/Summ       99%        N/A       1%          4
 Summon Lightning Spire   Summ/Air       98%        N/A       1%          4
 Alistair's Intoxication  Tmut/Pois      62%        N/A       1%          5
 Blade Hands              Tmut           46%        N/A       1%          5
 Excruciating Wounds      Necr           43%        N/A       1%          5
 Irradiate                Conj/Tmut      46%        3d28      1%          5
 Iskenderun's Battlesphe  Conj           93%        2d14      1%          5
 Lightning Bolt           Conj/Air       50%        1d71      1%          5
 Manifold Assault         Tloc           93%        N/A       1%          5
 Metabolic Englaciation   Hex/Ice        50%        N/A       1%          5
 Silence                  Hex/Air        50%        N/A       1%          5
 Summon Forest            Summ/Tloc      45%        N/A       1%          5
 Summon Mana Viper        Hex/Summ       90%        N/A       1%          5
 Yara's Violent Unravell  Hex/Tmut       46%        3d18      1%          5
 Eringya's Noxious Bog    Tmut/Pois      46%        N/A       1%          6
 Invisibility             Hex            46%        N/A       1%          6
 Simulacrum               Ice/Necr       49%        N/A       1%          6
 Starburst                Conj/Fire      50%        6d14      1%          6
 Statue Form              Tmut/Erth      67%        N/A       1%          6
 Ozocubu's Refrigeration  Ice            54%        4d15      1%          7
 Ignition                 Fire           54%        3d15      1%          8
 Death Channel            Necr           43%        N/A       2%          6
 Summon Cactus Giant      Summ           43%        N/A       2%          6
 Dragon Form              Tmut           46%        N/A       3%          7
 Malign Gateway           Summ/Tloc      45%        N/A       4%          7
 Spellforged Servitor     Conj/Summ      45%        N/A       4%          7
 Haunt                    Necr/Summ      43%        N/A       7%          7
 Chain Lightning          Conj/Air       50%        3d67      32%         9
 Fire Storm               Conj/Fire      50%        8d13      32%         9
 Infestation              Necr           43%        N/A       34%         8
 Summon Horrible Things   Summ           43%        N/A       34%         8


Dungeon Overview and Level Annotations

Branches:
Dungeon (15/15)            Temple (1/1) D:7            Lair (6/6) D:9
  Swamp (4/4) Lair:2        Snake (4/4) Lair:4        Slime (1/5) Lair:5
    Orc (2/2) D:12            Elf (3/3) Orc:2        Vaults (5/5) D:13
  Crypt (0/3) Vaults:2     Depths (4/4) D:15            Zot (5/5) Depths:4
 Bailey (visited)           IceCv (visited)         Volcano (visited)

Altars:
Ashenzari
Cheibriados
Dithmenos
Elyvilon
Fedhas
Gozag
Hepliaklqana
Kikubaaqudgha
Makhleb
Nemelex Xobeh
Okawaru
Qazlal
Ru
Sif Muna
Trog
Uskayaw
Vehumet
Wu Jian
Xom
Yredelemnul
Zin
The Shining One
Beogh
Jiyva

Shops:
D:2 (   D:9 :   Orc:2 =[(*   Elf:1 ?   Elf:2 [   Elf:3 [=::?[:!   Vaults:1 ?
Vaults:2 [   Depths:3 ??[

Portals:
Hell: Depths:1 Depths:2 Depths:3 Depths:4
Abyss: Depths:3
Pandemonium: Depths:2 Depths:4
Ziggurat: Depths:2

Annotations:
Elf:1 6 runed translucent doors
Depths:1 1 runed translucent door
Zot:2 exclusion: orb of fire


Innate Abilities, Weirdness & Mutations

You have very sharp teeth.
Your uncanny sense of smell can sniff out nearby items.
Your experience applies equally to all skills.
You are clumsy. (Dex -2)
You are frail. (-10% HP)
You sometimes lose the ability to read scrolls when taking damage.


Message History

Fire: 316 sling bullets
Press: ? - help, Q - select action, (/) - cycle Shift-Dir - straight line, f/p - Killer Klown
Aim: a Killer Klown, wielding a +8 club of distortion (heavily wounded, 72% to hit)
You shoot a sling bullet.
The sling bullet closely misses the Killer Klown.
Fire: 315 sling bullets
Press: ? - help, Q - select action, (/) - cycle Shift-Dir - straight line, f/p - Killer Klown
Aim: a Killer Klown, wielding a +8 club of distortion (heavily wounded, 72% to hit)
You shoot a sling bullet.
The sling bullet closely misses the Killer Klown.
The Killer Klown closely misses you.
Fire: 314 sling bullets
Press: ? - help, Q - select action, (/) - cycle Shift-Dir - straight line, f/p - Killer Klown
Aim: a Killer Klown, wielding a +8 club of distortion (heavily wounded, 72% to hit)
You shoot a sling bullet.
The sling bullet hits the Killer Klown but does no damage.
You block the Killer Klown's attack.
Your magical effects are unravelling.
You feel magically purged.
The sentinel's mark upon you fades away.
The Killer Klown closely misses you. Magic courses through your body.
You block the Killer Klown's attack. x2
You regained 20 mp, and now have 23/59 mp.
Casting: Iron Shot (safe; 1% risk of failure)
Confirm with . or Enter, or press ? or * to list all spells.
Aiming: Iron Shot (safe; 1% risk of failure)
Press: ? - help, Shift-Dir - straight line, f/p - Killer Klown
Aim: a Killer Klown, wielding a +8 club of distortion (heavily wounded, 63% to hit)
The iron shot hits the Killer Klown!!!
You can read scrolls again.
The Killer Klown blinks!
You now have 17/59 mp.
The Killer Klown blinks!
Casting: Iron Shot (safe; 1% risk of failure)
Confirm with . or Enter, or press ? or * to list all spells.
Aiming: Iron Shot (safe; 1% risk of failure)
Press: ? - help, Shift-Dir - straight line, f/p - Killer Klown
Aim: a Killer Klown, wielding a +8 club of distortion (almost dead, 63% to hit)
The iron shot misses the Killer Klown.
The Killer Klown pies you viciously!
The klown pie hits you but does no damage.
You now have 12/59 mp.
Casting: Iron Shot (safe; 1% risk of failure)
Confirm with . or Enter, or press ? or * to list all spells.
Aiming: Iron Shot (safe; 1% risk of failure)
Press: ? - help, Shift-Dir - straight line, f/p - Killer Klown
Aim: a Killer Klown, wielding a +8 club of distortion (almost dead, 63% to hit)
The iron shot misses the Killer Klown.
The Killer Klown says, "Come and play with me!"
The Killer Klown pinches you with a +12 club of distortion!!
You feel threatened and lose the ability to read scrolls!
* * * LOW HITPOINT WARNING * * *
Space warps horribly around you.
* * * LOW HITPOINT WARNING * * *
The Killer Klown blinks!
You take 25 damage, and have 37/211 hp.
You now have 6/59 mp.
You feel much better.
The Killer Klown karate-kicks you with a +12 club of distortion.
* * * LOW HITPOINT WARNING * * *
You blink.
An orb of fire comes into view.
The Killer Klown sprays water.
You block the Killer Klown's attack.
The orb of fire moves out of view.
You regained 17 hp, and now have 54/211 hp.
Magic courses through your body.
The Killer Klown eye-gouges you with a +12 club of distortion!
* * * LOW HITPOINT WARNING * * *
You blink.
You take 12 damage, and have 42/211 hp.
You regained 28 mp, and now have 35/59 mp.
Casting: Iron Shot (safe; 1% risk of failure)
Confirm with . or Enter, or press ? or * to list all spells.
You can't see any susceptible monsters within range! (Use Z to cast anyway.)
You cannot read scrolls in your current state!
What are your orders? t - Bark!
Orders for allies: a - Attack new target. p - Attack previous target. r - Retreat! s - Stop attacking. g - Guard the area. f - Follow me.
Anything else - Cancel.
Okay, then.
You block the Killer Klown's attack.
The Killer Klown blinks!
The Killer Klown blinks!
The Killer Klown blinks!
The Killer Klown blinks!
You block the Killer Klown's attack.
The Killer Klown blinks! x2
The Killer Klown pies you viciously! The klown pie hits you!
Plum!
You feel light-headed.
* * * LOW HITPOINT WARNING * * *
You take 16 damage, and have 30/211 hp.
The Killer Klown blinks!
The Killer Klown pies you viciously!
The klown pie reflects off an invisible shield around you!
The klown pie hits the Killer Klown!
Moon pie!
The Killer Klown evaporates and reforms as a titan!
The Killer Klown pies you viciously! The klown pie hits you!!!
Raspberry!
You feel weakened.
You feel dopey.
You feel clumsy.
You die...

▓▓..^.^..................▓▓...
▓▓▓......................▓....
▓▓▓▓................^.........
▓▓▓▓^.....................▓....
▓▓▓................C......▓▓...
▓▓........................▓▓▓^.
▓▓..^^....................#▓▓▓▓
▓▓▓^.....................######
▓▓▓▓..........@p......)▓#######
▓▓▓▓▓...............▓▓▓▓#######
▓▓▓▓▓▓.....##▓▓▓▓▓▓▓▓▓▓▓#######
▓▓▓##......).)......[...#######
▓▓##.....^........^.##...^#####
▓##..................###[..####
▓#.......[....^^......###......
▓#....................#▓##.....
▓#....................#▓▓#.)...


You could see a Killer Klown and a titan.

Vanquished Creatures
  3 dread liches
  4 orbs of fire (Zot:5)
  7 ancient liches
  Mara (D:15)
  3 juggernauts
  4 Killer Klowns (Zot:5)
  A caustic shrike (shapeshifter) (Depths:2)
  10 golden dragons
  6 caustic shrikes
  the Enchantress (Depths:4)
  A bone dragon (Depths:4)
  The ghost of Plog the Tortoise, an adept DDFi of Makhleb (Vaults:3)
  3 electric golems
  13 tentacled monstrosities
  24 Orb Guardians (Zot:5)
  Mlioglotl (Swamp:3)
  3 liches
  A walking crystal tome (Depths:2)
  2 deep elf blademasters (Elf:3)
  9 titans
  Asterion (Vaults:3)
  6 quicksilver dragons
  2 deep elf master archers
  Frances (D:13)
  A walking frostbound tome (Depths:4)
  9 death cobs
  3 thorn hunters
  9 sphinxes
  13 storm dragons
  12 tengu reavers
  8 shadow dragons
  Kirke (Lair:4)
  Donald (Swamp:3)
  17 nagarajas
  Roxanne (Elf:3)
  4 draconian knights
  Louise (Elf:1)
  6 frost giants
  6 deep elf sorcerers
  Aizul (Elf:1)
  5 draconian scorchers
  19 vault wardens
  An iron dragon (shapeshifter) (Depths:2)
  A caustic shrike zombie (Depths:1)
  2 iron dragons (Depths:2)
  3 ghost moths
  2 orc warlords
  12 fire giants
  20 ironbound preservers
  2 draconian shifters
  2 draconian stormcallers
  4 deep elf elementalists
  The ghost of Ycoiwk the Tainter, a journeyman OpVM of Sif Muna (Lair:5)
  2 draconian annihilators
  A quicksilver ooze (shapeshifter) (Depths:2)
  2 reapers
  3 spriggan defenders (Depths:4)
  13 stone giants
  4 war gargoyles
  27 very ugly things
  The ghost of Tijoc the Blinker, a journeyman FeWn of Dithmenos (Elf:3)
  4 vampire knights
  6 deep elf demonologists
  8 yellow draconians
  5 green draconians
  3 black draconians
  5 bunyips
  9 spark wasps
  5 purple draconians
  7 red draconians
  3 dire elephants (Vaults:2)
  6 white draconians
  6 eleionomae
  7 deep elf death magi
  9 deep elf annihilators
  3 jiangshi (Depths:1)
  The ghost of WhatIsLove the Thaumaturge, a journeyman DjFE of Makhleb (Orc:1)
  6 fire dragons
  12 ettins
  2 rakshasas
  12 yaktaur captains
  A peacekeeper (Vaults:4)
  9 ironbound thunderhulks
  5 salamander tyrants
  Fannar (D:10)
  6 deep elf high priests
  3 juggernaut simulacra (Depths:2)
  Erolcha (D:10)
  7 great orbs of eyes
  6 ice dragons
  17 naga warriors
  2 ogre magi
  39 vault guards
  7 spriggan air magi
  6 boulder beetles
  2 death knights (D:13)
  Harold (Lair:1)
  A catoblepas (Lair:4)
  7 ironbound frosthearts
  28 hydras
  7 two-headed ogres
  20 centaur warriors
  Erica (D:10)
  10 anacondas
  5 alligators
  A death yak (shapeshifter) (Depths:2)
  7 deep troll shamans
  6 tengu warriors
  9 deep troll earth magi
  9 naga sharpshooters
  3 shock serpents
  34 dancing weapons
  An orc high priest (Orc:2)
  A titan zombie (Depths:1)
  A shock serpent (shapeshifter) (Elf:1)
  A vampire mage (Depths:1)
  A death yak (Lair:4)
  Urug (Orc:2)
  Sonja (Lair:1)
  11 hell knights
  7 spriggan berserkers
  6 iron trolls
  10 spriggans
  A fire crab (shapeshifter) (Depths:2)
  2 skeletal warriors (Volcano)
  Nergalle (Orc:2)
  20 deep elf knights
  2 shadow wraiths
  3 sea snakes (Snake:1)
  4 naga ritualists (Snake:4)
  A salamander mystic (Depths:3)
  8 goliath frogs
  2 spriggan druids
  6 spectral anacondas (Snake:1)
  3 glowing orange brains
  74 deep trolls
  4 anaconda zombies (Snake:1)
  A swamp dragon (shapeshifter) (Vaults:5)
  A flayed ghost (Depths:3)
  23 deep elf archers
  A glowing orange brain (shapeshifter) (Vaults:5)
  5 bog bodies
  13 wizards
  3 lindwurms
  12 harpies
  23 deep elf zephyrmancers
  A golden dragon skeleton (Depths:1)
  15 swamp dragons
  A lindwurm (shapeshifter) (Depths:4)
  30 ironbound convokers
  A harpy (shapeshifter) (Elf:2)
  7 phantasmal warriors (Vaults:5)
  15 orc knights
  7 anaconda skeletons
  3 will-o-the-wisps
  9 necromancers
  3 manticores
  30 deep elf pyromancers
  A shining eye (shapeshifter) (Depths:2)
  13 salamanders
  38 ugly things
  7 mana vipers
  5 orc sorcerers
  9 cyclopes
  A guardian serpent (shapeshifter) (Depths:2)
  An elephant (shapeshifter) (Elf:1)
  A human skeleton (Vaults:3)
  Joseph (D:10)
  19 moths of wrath
  6 molten gargoyles
  28 elephants
  4 guardian serpents
  23 vault sentinels
  A black mamba (shapeshifter) (Elf:1)
  12 cane toads
  A torpor snail (Lair:5)
  25 black mambas
  An ice statue (IceCv)
  5 naga magi
  Maggie (Lair:1)
  5 gargoyles (Volcano)
  A human zombie (Vaults:3)
  A rime drake (shapeshifter) (Elf:1)
  A kobold demonologist (D:14)
  3 rime drakes
  45 yaktaurs
  A guardian mummy (Zot:2)
  2 efreet
  2 unseen horrors
  3 freezing wraiths
  12 komodo dragons
  6 tengu conjurers
  5 anaconda simulacra (Snake:1)
  A golden dragon simulacrum (Depths:2)
  A queen bee (Lair:5)
  3 bloated husks
  6 trolls
  8 tyrant leeches
  A wind drake (shapeshifter) (Elf:1)
  11 hornets
  37 slime creatures
  A raiju (shapeshifter) (D:14)
  2 meliai (Lair:5)
  A blink frog (shapeshifter) (D:14)
  18 dream sheep
  4 harpy skeletons (Volcano)
  31 blink frogs
  An ettin zombie (Depths:1)
  An alligator skeleton (Volcano)
  4 air elementals
  3 flying skulls (Volcano)
  Sigmund (D:5)
  A deep troll skeleton (Vaults:3)
  A wraith (D:12)
  A spriggan (shapeshifter) (D:15)
  2 yaks (shapeshifter)
  7 wyverns
  A vampire (D:6)
  A redback (shapeshifter) (Depths:2)
  57 yaks
  10 water elementals
  A dire elephant simulacrum (IceCv)
  A hog (Lair:4)
  10 basilisks
  5 fire elementals
  A golden eye (shapeshifter) (Elf:1)
  A basilisk (shapeshifter) (Elf:1)
  3 steam dragons
  13 vampire mosquitoes
  Grum (D:11)
  5 large abominations (D:15)
  2 death yak simulacra (IceCv)
  An elf skeleton (Vaults:3)
  24 nagas
  4 wargs
  22 swamp worms
  3 hell hounds (Lair:6)
  Duvessa (D:7)
  8 water moccasins
  2 black bears (D:6)
  An ice beast (D:8)
  9 swamp drakes
  A sky beast (D:7)
  45 orc warriors
  5 boggarts (Vaults:2)
  9 ogres
  22 wolves
  A wolf (shapeshifter) (Elf:1)
  28 centaurs
  An ogre (shapeshifter) (Vaults:5)
  2 phantoms (D:5)
  8 bullfrogs
  3 wyvern zombies
  A cane toad simulacrum (IceCv)
  A gnoll sergeant (D:7)
  A scorpion (D:4)
  2 earth elementals (Elf:1)
  Dowan (D:7)
  8 two-headed ogre simulacra (IceCv)
  7 small abominations (D:15)
  15 killer bees
  4 wights (D:7)
  3 spriggan skeletons (Volcano)
  A troll skeleton (Volcano)
  An elephant simulacrum (IceCv)
  2 howler monkeys
  6 electric eels
  5 lava snakes (Lair:6)
  6 centaur zombies
  A gnoll shaman (D:6)
  2 hounds
  3 centaur skeletons
  25 orc priests
  3 iguanas
  37 orc wizards
  9 troll simulacra (IceCv)
  4 polar bear simulacra (IceCv)
  2 spriggan simulacra (IceCv)
  4 wolf simulacra (IceCv)
  2 killer bee zombies
  2 hound zombies (D:5)
  A naga skeleton (Volcano)
  2 howler monkey zombies
  A howler monkey skeleton (D:4)
  8 adders
  16 gnolls
  4 naga simulacra (IceCv)
  2 shadow imps
  9 white imps
  6 ufetubi
  A worm (D:3)
  5 dart slugs
  138 orcs
  11 ball pythons
  A bat (D:2)
  3 endoplasms
  3 giant cockroaches
  3 goblins (D:1)
  4 hobgoblins
  4 jackals (D:4)
  5 kobolds
  6 quokkas
  5 frilled lizards
  5 rats
  A bush (Lair:3)
2235 creatures vanquished.

Vanquished Creatures (collateral kills)
  A tentacled monstrosity (Zot:2)
  A draconian stormcaller (Zot:2)
  A black draconian (Zot:2)
  2 purple draconians (Zot:2)
  A white draconian (Zot:5)
  A red draconian (Zot:2)
  An orc knight (Bailey)
  An orc (Orc:2)
9 creatures vanquished.

Vanquished Creatures (others)
  The ghost of Gosidgh Gunn the Scholar, an adept DsIE of Sif Muna (Elf:1)
  A frost giant (Depths:2)
  A deep elf elementalist (Elf:3)
  A wizard (Vaults:4)
  2 bloated husks
  An air elemental (Elf:3)
  2 water elementals
  An orc wizard (Orc:2)
  12 ball lightnings (Elf:1)
  20 foxfires
  29 fungi
  89 plants
  6 withered plants (D:5)
166 creatures vanquished.

Grand Total: 2410 creatures vanquished

Notes
Turn   | Place    | Note
-------+----------+-------------------------------------------
     0 | D:1      | IndexError the Gnoll Ice Elementalist began the quest for
                  | the Orb.
     0 | D:1      | Reached XP level 1. HP: 13/13 MP: 6/6
   228 | D:1      | Reached XP level 2. HP: 19/19 MP: 7/7
   808 | D:1      | Reached XP level 3. HP: 22/25 MP: 7/9
   884 | D:1      | Reached skill level 5 in Spellcasting
   943 | D:1      | Found a faded altar of an unknown god.
  1371 | D:2      | Reached skill level 1 in Invocations
  1399 | D:2      | Found Ruclush's Antique Weapon Boutique.
  1554 | D:2      | Reached skill level 1 in Fighting
  1554 | D:2      | Reached skill level 1 in Short Blades
  1554 | D:2      | Reached skill level 1 in Long Blades
  1554 | D:2      | Reached skill level 1 in Axes
  1554 | D:2      | Reached skill level 1 in Maces & Flails
  1554 | D:2      | Reached skill level 1 in Polearms
  1554 | D:2      | Reached skill level 1 in Staves
  1554 | D:2      | Reached skill level 1 in Slings
  1554 | D:2      | Reached skill level 1 in Bows
  1554 | D:2      | Reached skill level 1 in Crossbows
  1554 | D:2      | Reached skill level 1 in Throwing
  1554 | D:2      | Reached skill level 1 in Armour
  1554 | D:2      | Reached skill level 1 in Shields
  1554 | D:2      | Reached skill level 1 in Unarmed Combat
  1554 | D:2      | Reached skill level 1 in Evocations
  1681 | D:2      | Reached XP level 4. HP: 32/32 MP: 11/11
  2239 | D:2      | Learned a level 3 spell: Frozen Ramparts
  2243 | D:2      | Learned a level 3 spell: Ozocubu's Armour
  2271 | D:3      | Reached skill level 1 in Conjurations
  2271 | D:3      | Reached skill level 1 in Hexes
  2271 | D:3      | Reached skill level 1 in Summonings
  2271 | D:3      | Reached skill level 1 in Necromancy
  2271 | D:3      | Reached skill level 1 in Translocations
  2271 | D:3      | Reached skill level 1 in Transmutations
  2271 | D:3      | Reached skill level 1 in Fire Magic
  2271 | D:3      | Reached skill level 1 in Air Magic
  2271 | D:3      | Reached skill level 1 in Earth Magic
  2271 | D:3      | Reached skill level 1 in Poison Magic
  2273 | D:3      | Reached XP level 5. HP: 31/37 MP: 1/12
  2435 | D:3      | Found a blossoming altar of Fedhas.
  2856 | D:3      | Reached skill level 2 in Invocations
  2856 | D:3      | Reached XP level 6. HP: 29/44 MP: 1/13
  3590 | D:4      | Found a sparkling altar of Nemelex Xobeh.
  3654 | D:4      | Reached skill level 5 in Dodging
  3769 | D:4      | Found an iron altar of Okawaru.
  3791 | D:4      | HP: 6/44 [wyvern zombie (7)]
  3793 | D:4      | Reached skill level 2 in Fighting
  3793 | D:4      | Reached skill level 2 in Short Blades
  3793 | D:4      | Reached skill level 2 in Long Blades
  3793 | D:4      | Reached skill level 2 in Axes
  3793 | D:4      | Reached skill level 2 in Maces & Flails
  3793 | D:4      | Reached skill level 2 in Polearms
  3793 | D:4      | Reached skill level 2 in Staves
  3793 | D:4      | Reached skill level 2 in Slings
  3793 | D:4      | Reached skill level 2 in Bows
  3793 | D:4      | Reached skill level 2 in Crossbows
  3793 | D:4      | Reached skill level 2 in Throwing
  3793 | D:4      | Reached skill level 2 in Armour
  3793 | D:4      | Reached skill level 2 in Shields
  3793 | D:4      | Reached skill level 2 in Unarmed Combat
  3793 | D:4      | Reached skill level 2 in Evocations
  4559 | D:5      | Entered Level 5 of the Dungeon
  4692 | D:4      | Reached XP level 7. HP: 35/50 MP: 11/15
  4815 | D:5      | HP: 11/50 [white imp (3)]
  4817 | D:5      | Noticed Sigmund
  5189 | D:5      | Reached skill level 2 in Conjurations
  5189 | D:5      | Reached skill level 2 in Hexes
  5189 | D:5      | Reached skill level 2 in Summonings
  5189 | D:5      | Reached skill level 2 in Necromancy
  5189 | D:5      | Reached skill level 2 in Translocations
  5189 | D:5      | Reached skill level 2 in Transmutations
  5189 | D:5      | Reached skill level 2 in Fire Magic
  5189 | D:5      | Reached skill level 2 in Air Magic
  5189 | D:5      | Reached skill level 2 in Earth Magic
  5189 | D:5      | Reached skill level 2 in Poison Magic
  5269 | D:5      | Found an ancient bone altar of Kikubaaqudgha.
  5310 | D:5      | Killed Sigmund
  5311 | D:5      | Reached skill level 5 in Stealth
  5311 | D:5      | Reached skill level 3 in Invocations
  5364 | D:5      | Found a hazy altar of Hepliaklqana.
  5481 | D:5      | Reached XP level 8. HP: 24/57 MP: 10/16
  5745 | D:5      | Reached skill level 3 in Fighting
  5745 | D:5      | Reached skill level 3 in Short Blades
  5745 | D:5      | Reached skill level 3 in Long Blades
  5745 | D:5      | Reached skill level 3 in Axes
  5745 | D:5      | Reached skill level 3 in Maces & Flails
  5745 | D:5      | Reached skill level 3 in Polearms
  5745 | D:5      | Reached skill level 3 in Staves
  5745 | D:5      | Reached skill level 3 in Slings
  5745 | D:5      | Reached skill level 3 in Bows
  5745 | D:5      | Reached skill level 3 in Crossbows
  5745 | D:5      | Reached skill level 3 in Throwing
  5745 | D:5      | Reached skill level 3 in Armour
  5745 | D:5      | Reached skill level 3 in Shields
  5745 | D:5      | Reached skill level 3 in Unarmed Combat
  5745 | D:5      | Reached skill level 3 in Evocations
  5979 | D:5      | HP: 14/58 [orc wizard (1)]
  5982 | D:5      | HP: 3/58 [orc wizard/magic dart (5)]
  6320 | D:5      | Reached skill level 6 in Spellcasting
  6683 | D:5      | Found a bloodstained altar of Trog.
  7024 | D:6      | Learned a level 2 spell: Slow
  7117 | D:6      | Noticed a vampire
  7169 | D:6      | Reached skill level 4 in Invocations
  7213 | D:6      | Reached skill level 3 in Conjurations
  7213 | D:6      | Reached skill level 3 in Hexes
  7213 | D:6      | Reached skill level 3 in Summonings
  7213 | D:6      | Reached skill level 3 in Necromancy
  7213 | D:6      | Reached skill level 3 in Translocations
  7213 | D:6      | Reached skill level 3 in Transmutations
  7213 | D:6      | Reached skill level 3 in Fire Magic
  7213 | D:6      | Reached skill level 3 in Air Magic
  7213 | D:6      | Reached skill level 3 in Earth Magic
  7213 | D:6      | Reached skill level 3 in Poison Magic
  7646 | D:7      | Reached skill level 6 in Dodging
  7862 | D:7      | Reached XP level 9. HP: 62/65 MP: 18/18
  7956 | D:7      | Noticed Duvessa
  7986 | D:7      | Noticed Dowan
  7992 | D:7      | Killed Duvessa
  8000 | D:7      | Killed Dowan
  8004 | D:7      | Reached skill level 4 in Fighting
  8004 | D:7      | Reached skill level 4 in Short Blades
  8004 | D:7      | Reached skill level 4 in Long Blades
  8004 | D:7      | Reached skill level 4 in Axes
  8004 | D:7      | Reached skill level 4 in Maces & Flails
  8004 | D:7      | Reached skill level 4 in Polearms
  8004 | D:7      | Reached skill level 4 in Staves
  8004 | D:7      | Reached skill level 4 in Slings
  8004 | D:7      | Reached skill level 4 in Bows
  8004 | D:7      | Reached skill level 4 in Crossbows
  8004 | D:7      | Reached skill level 4 in Throwing
  8004 | D:7      | Reached skill level 4 in Armour
  8004 | D:7      | Reached skill level 4 in Shields
  8004 | D:7      | Reached skill level 4 in Unarmed Combat
  8004 | D:7      | Reached skill level 4 in Evocations
  8363 | D:6      | Reached skill level 6 in Stealth
  8363 | D:6      | Reached skill level 8 in Ice Magic
  8874 | D:7      | Noticed an angel
  8889 | D:7      | Found a staircase to the Ecumenical Temple.
  8900 | Temple   | Entered the Ecumenical Temple
  9006 | Temple   | Became a worshipper of Ashenzari the Shackled
  9085 | D:7      | Noticed a rust devil
  9666 | D:8      | Reached skill level 5 in Invocations
  9754 | D:8      | Reached skill level 7 in Spellcasting
 10112 | D:8      | Reached XP level 10. HP: 51/73 MP: 15/20
 10251 | D:8      | Noticed a cyclops
 10291 | D:8      | Reached skill level 4 in Conjurations
 10291 | D:8      | Reached skill level 4 in Hexes
 10291 | D:8      | Reached skill level 4 in Summonings
 10291 | D:8      | Reached skill level 4 in Necromancy
 10291 | D:8      | Reached skill level 4 in Translocations
 10291 | D:8      | Reached skill level 4 in Transmutations
 10291 | D:8      | Reached skill level 4 in Fire Magic
 10291 | D:8      | Reached skill level 4 in Air Magic
 10291 | D:8      | Reached skill level 4 in Earth Magic
 10291 | D:8      | Reached skill level 4 in Poison Magic
 10312 | D:8      | Killed a cyclops
 10313 | D:8      | Reached skill level 5 in Fighting
 10313 | D:8      | Reached skill level 5 in Short Blades
 10313 | D:8      | Reached skill level 5 in Long Blades
 10313 | D:8      | Reached skill level 5 in Axes
 10313 | D:8      | Reached skill level 5 in Maces & Flails
 10313 | D:8      | Reached skill level 5 in Polearms
 10313 | D:8      | Reached skill level 5 in Staves
 10313 | D:8      | Reached skill level 5 in Slings
 10313 | D:8      | Reached skill level 5 in Bows
 10313 | D:8      | Reached skill level 5 in Crossbows
 10313 | D:8      | Reached skill level 5 in Throwing
 10313 | D:8      | Reached skill level 5 in Armour
 10313 | D:8      | Reached skill level 5 in Shields
 10313 | D:8      | Reached skill level 5 in Unarmed Combat
 10313 | D:8      | Reached skill level 5 in Evocations
 10796 | D:8      | Reached skill level 7 in Dodging
 11130 | D:8      | Identified the +0 robe "Safyant" {rC+ Dex+3}
 11529 | D:9      | Noticed a two-headed ogre
 11645 | D:9      | Learned a level 3 spell: Confusing Touch
 11649 | D:9      | Learned a level 3 spell: Mephitic Cloud
 11653 | D:9      | Learned a level 3 spell: Teleport Other
 11686 | D:9      | Reached skill level 6 in Invocations
 11690 | D:9      | Reached skill level 7 in Stealth
 11961 | D:9      | Noticed a two-headed ogre
 11976 | D:9      | Killed a two-headed ogre
 12135 | D:9      | Noticed a manticore
 12148 | D:9      | Killed a manticore
 12149 | D:9      | Reached XP level 11. HP: 43/82 MP: 12/23
 12399 | D:9      | Found a staircase to the Lair.
 12489 | D:9      | Reached skill level 6 in Fighting
 12489 | D:9      | Reached skill level 6 in Short Blades
 12489 | D:9      | Reached skill level 6 in Long Blades
 12489 | D:9      | Reached skill level 6 in Axes
 12489 | D:9      | Reached skill level 6 in Maces & Flails
 12489 | D:9      | Reached skill level 6 in Polearms
 12489 | D:9      | Reached skill level 6 in Staves
 12489 | D:9      | Reached skill level 6 in Slings
 12489 | D:9      | Reached skill level 6 in Bows
 12489 | D:9      | Reached skill level 6 in Crossbows
 12489 | D:9      | Reached skill level 6 in Throwing
 12489 | D:9      | Reached skill level 6 in Armour
 12489 | D:9      | Reached skill level 6 in Shields
 12489 | D:9      | Reached skill level 6 in Unarmed Combat
 12489 | D:9      | Reached skill level 6 in Evocations
 12556 | D:9      | Reached skill level 5 in Conjurations
 12556 | D:9      | Reached skill level 5 in Hexes
 12556 | D:9      | Reached skill level 5 in Summonings
 12556 | D:9      | Reached skill level 5 in Necromancy
 12556 | D:9      | Reached skill level 5 in Translocations
 12556 | D:9      | Reached skill level 5 in Transmutations
 12556 | D:9      | Reached skill level 5 in Fire Magic
 12556 | D:9      | Reached skill level 5 in Air Magic
 12556 | D:9      | Reached skill level 5 in Earth Magic
 12556 | D:9      | Reached skill level 5 in Poison Magic
 12685 | D:9      | Found Hifogh's Book Shop.
 12753 | D:9      | Identified the +0 kite shield "Ytwil" {-Tele rC+ rN+ Dex+2}
 12771 | D:9      | Killed a two-headed ogre
 12772 | D:9      | Reached skill level 8 in Spellcasting
 13051 | D:9      | Reached * piety under Ashenzari
 13117 | D:9      | Found a basalt altar of Yredelemnul.
 13286 | D:10     | Entered Level 10 of the Dungeon
 13665 | D:10     | Found a flagged portal.
 13666 | D:10     | Noticed Erolcha
 13672 | Bailey   | Entered a bailey
 13755 | Bailey   | Identified a scroll of acquirement
 13784 | Bailey   | Noticed an orc knight
 13784 | Bailey   | Noticed an orc knight
 13810 | Bailey   | Killed an orc knight
 13815 | Bailey   | Killed an orc knight
 13816 | Bailey   | Reached skill level 9 in Ice Magic
 13816 | Bailey   | Reached skill level 7 in Invocations
 14018 | Bailey   | Noticed an orc knight
 14018 | Bailey   | Noticed an orc sorcerer
 14043 | Bailey   | HP: 15/84 [orc warrior (17)]
 14044 | Bailey   | HP: 4/84 [orc knight[an orc warrior] (11)]
 14329 | Bailey   | Noticed an orc knight
 14587 | Bailey   | Acquired the ring of Soalerul {*Slow rElec EV+4 Dex+8}
 14631 | Bailey   | Noticed an orc knight
 14710 | Bailey   | Killed an orc knight
 14711 | Bailey   | Reached skill level 8 in Dodging
 14712 | Bailey   | HP: 1/84 [orc knight (40)]
 14742 | Bailey   | Killed an orc knight
 15205 | D:10     | Identified the +0 robe "Kiluw" {rF- Regen+ SInv}
 15225 | D:10     | Noticed Joseph
 15244 | D:10     | Killed Joseph
 15510 | D:10     | Reached ** piety under Ashenzari
 15580 | D:10     | Found a glowing silver altar of Zin.
 15736 | D:10     | Reached skill level 8 in Stealth
 15739 | D:10     | Noticed Erica
 15749 | D:10     | Killed Erica
 16484 | D:10     | Killed Erolcha
 16485 | D:10     | Reached XP level 12. HP: 61/94 MP: 23/26
 16713 | D:11     | Noticed Fannar
 17003 | D:11     | Noticed Grum
 17003 | D:11     | Noticed a boulder beetle
 17003 | D:11     | Identified the +5 scale mail "Fytuiror" {Dex+2}
 17171 | D:11     | Reached skill level 7 in Fighting
 17171 | D:11     | Reached skill level 7 in Short Blades
 17171 | D:11     | Reached skill level 7 in Long Blades
 17171 | D:11     | Reached skill level 7 in Axes
 17171 | D:11     | Reached skill level 7 in Maces & Flails
 17171 | D:11     | Reached skill level 7 in Polearms
 17171 | D:11     | Reached skill level 7 in Staves
 17171 | D:11     | Reached skill level 7 in Slings
 17171 | D:11     | Reached skill level 7 in Bows
 17171 | D:11     | Reached skill level 7 in Crossbows
 17171 | D:11     | Reached skill level 7 in Throwing
 17171 | D:11     | Reached skill level 7 in Armour
 17171 | D:11     | Reached skill level 7 in Shields
 17171 | D:11     | Reached skill level 7 in Unarmed Combat
 17171 | D:11     | Reached skill level 7 in Evocations
 17335 | D:11     | Killed Grum
 17371 | D:10     | Killed a boulder beetle
 17372 | D:10     | Reached skill level 6 in Conjurations
 17372 | D:10     | Reached skill level 6 in Hexes
 17372 | D:10     | Reached skill level 6 in Summonings
 17372 | D:10     | Reached skill level 6 in Necromancy
 17372 | D:10     | Reached skill level 6 in Translocations
 17372 | D:10     | Reached skill level 6 in Transmutations
 17372 | D:10     | Reached skill level 6 in Fire Magic
 17372 | D:10     | Reached skill level 6 in Air Magic
 17372 | D:10     | Reached skill level 6 in Earth Magic
 17372 | D:10     | Reached skill level 6 in Poison Magic
 17640 | D:11     | Identified the -6 buckler "Yshux" {Harm Rampage Int-2 SInv}
 17876 | D:11     | Noticed a two-headed ogre
 17887 | D:11     | Killed a two-headed ogre
 17888 | D:11     | Reached skill level 8 in Invocations
 17991 | D:11     | Reached skill level 9 in Spellcasting
 18049 | D:11     | Noticed a boulder beetle
 18330 | D:11     | Killed a boulder beetle
 18720 | D:11     | Found a portal to a secret trove of treasure.
 18842 | D:12     | Reached skill level 9 in Dodging
 19232 | D:12     | Found a staircase to the Orcish Mines.
 19349 | D:12     | Learned a level 4 spell: Sticky Flame
 19355 | D:12     | Learned a level 5 spell: Freezing Cloud
 19693 | D:12     | Reached skill level 9 in Stealth
 19693 | D:12     | Reached XP level 13. HP: 101/101 MP: 27/27
 20004 | D:13     | Noticed Frances
 20033 | D:13     | Killed Frances
 20034 | D:13     | Reached skill level 8 in Fighting
 20034 | D:13     | Reached skill level 8 in Short Blades
 20034 | D:13     | Reached skill level 8 in Long Blades
 20034 | D:13     | Reached skill level 8 in Axes
 20034 | D:13     | Reached skill level 8 in Maces & Flails
 20034 | D:13     | Reached skill level 8 in Polearms
 20034 | D:13     | Reached skill level 8 in Staves
 20034 | D:13     | Reached skill level 8 in Slings
 20034 | D:13     | Reached skill level 8 in Bows
 20034 | D:13     | Reached skill level 8 in Crossbows
 20034 | D:13     | Reached skill level 8 in Throwing
 20034 | D:13     | Reached skill level 8 in Armour
 20034 | D:13     | Reached skill level 8 in Shields
 20034 | D:13     | Reached skill level 8 in Unarmed Combat
 20034 | D:13     | Reached skill level 8 in Evocations
 20538 | D:13     | Reached skill level 9 in Invocations
 20816 | D:13     | Reached skill level 10 in Ice Magic
 21200 | D:13     | Found a gate to the Vaults.
 21200 | D:13     | Noticed a vault guard
 21264 | D:13     | Killed a vault guard
 21444 | D:13     | Reached skill level 7 in Conjurations
 21444 | D:13     | Reached skill level 7 in Hexes
 21444 | D:13     | Reached skill level 7 in Summonings
 21444 | D:13     | Reached skill level 7 in Necromancy
 21444 | D:13     | Reached skill level 7 in Translocations
 21444 | D:13     | Reached skill level 7 in Transmutations
 21444 | D:13     | Reached skill level 7 in Fire Magic
 21444 | D:13     | Reached skill level 7 in Air Magic
 21444 | D:13     | Reached skill level 7 in Earth Magic
 21444 | D:13     | Reached skill level 7 in Poison Magic
 22263 | D:14     | Reached *** piety under Ashenzari
 22356 | D:14     | Reached skill level 10 in Spellcasting
 23161 | D:15     | Entered Level 15 of the Dungeon
 23303 | D:15     | Reached skill level 10 in Dodging
 23303 | D:15     | Reached XP level 14. HP: 108/111 MP: 27/30
 23444 | D:15     | Reached skill level 9 in Fighting
 23444 | D:15     | Reached skill level 9 in Short Blades
 23444 | D:15     | Reached skill level 9 in Long Blades
 23444 | D:15     | Reached skill level 9 in Axes
 23444 | D:15     | Reached skill level 9 in Maces & Flails
 23444 | D:15     | Reached skill level 9 in Polearms
 23444 | D:15     | Reached skill level 9 in Staves
 23444 | D:15     | Reached skill level 9 in Slings
 23444 | D:15     | Reached skill level 9 in Bows
 23444 | D:15     | Reached skill level 9 in Crossbows
 23444 | D:15     | Reached skill level 9 in Throwing
 23444 | D:15     | Reached skill level 9 in Armour
 23444 | D:15     | Reached skill level 9 in Shields
 23444 | D:15     | Reached skill level 9 in Unarmed Combat
 23444 | D:15     | Reached skill level 9 in Evocations
 23449 | D:15     | Reached skill level 10 in Stealth
 23830 | D:15     | Reached skill level 10 in Invocations
 24192 | D:15     | Identified the +1 great sword of Evolution {protect, rElec
                  | rN+ Dex-5}
 24988 | D:15     | Found a staircase to the Depths.
 25605 | Orc:1    | Entered Level 1 of the Orcish Mines
 25730 | Orc:1    | Found a transporter.
 25730 | Orc:1    | Noticed WhatIsLove's ghost (journeyman DjFE)
 25919 | Orc:1    | Found a transporter.
 25920 | Orc:1    | Identified the ring "Munnosae" {Ice Int+5 Stlth-}
 26296 | Orc:1    | Killed WhatIsLove's ghost
 26297 | Orc:1    | Reached skill level 8 in Conjurations
 26297 | Orc:1    | Reached skill level 8 in Hexes
 26297 | Orc:1    | Reached skill level 8 in Summonings
 26297 | Orc:1    | Reached skill level 8 in Necromancy
 26297 | Orc:1    | Reached skill level 8 in Translocations
 26297 | Orc:1    | Reached skill level 8 in Transmutations
 26297 | Orc:1    | Reached skill level 8 in Fire Magic
 26297 | Orc:1    | Reached skill level 8 in Air Magic
 26297 | Orc:1    | Reached skill level 8 in Earth Magic
 26297 | Orc:1    | Reached skill level 8 in Poison Magic
 26410 | Orc:2    | Entered Level 2 of the Orcish Mines
 26856 | Orc:2    | Reached **** piety under Ashenzari
 27034 | Orc:2    | Found a staircase to the Elven Halls.
 27111 | Orc:2    | Noticed Urug
 27117 | Orc:2    | Noticed Nergalle
 27118 | Orc:2    | Noticed an orc warlord
 27122 | Orc:2    | Killed Urug
 27134 | Orc:2    | Killed Nergalle
 27153 | Orc:2    | Killed an orc warlord
 27154 | Orc:2    | Reached XP level 15. HP: 58/120 MP: 12/32
 27190 | Orc:2    | Reached skill level 11 in Spellcasting
 27611 | Orc:2    | Found Bazum's Jewellery Shoppe.
 27639 | Orc:2    | Found Vama's Antique Armour Shoppe.
 27678 | Orc:2    | Found Xahel's General Store.
 27687 | Orc:2    | Found Sehob's Antique Weapon Shoppe.
 28021 | Orc:2    | Bought a cloak for 162 gold pieces
 28349 | Lair:1   | Entered Level 1 of the Lair of Beasts
 28615 | Lair:1   | Found a dark tunnel.
 28625 | Volcano  | Entered a volcano
 29317 | Volcano  | Reached skill level 11 in Dodging
 29317 | Volcano  | Reached skill level 11 in Ice Magic
 29437 | Volcano  | Reached skill level 10 in Fighting
 29437 | Volcano  | Reached skill level 10 in Short Blades
 29437 | Volcano  | Reached skill level 10 in Long Blades
 29437 | Volcano  | Reached skill level 10 in Axes
 29437 | Volcano  | Reached skill level 10 in Maces & Flails
 29437 | Volcano  | Reached skill level 10 in Polearms
 29437 | Volcano  | Reached skill level 10 in Staves
 29437 | Volcano  | Reached skill level 10 in Slings
 29437 | Volcano  | Reached skill level 10 in Bows
 29437 | Volcano  | Reached skill level 10 in Crossbows
 29437 | Volcano  | Reached skill level 10 in Throwing
 29437 | Volcano  | Reached skill level 10 in Armour
 29437 | Volcano  | Reached skill level 10 in Shields
 29437 | Volcano  | Reached skill level 10 in Unarmed Combat
 29437 | Volcano  | Reached skill level 10 in Evocations
 30136 | Lair:1   | Noticed Sonja
 30148 | Lair:1   | Killed Sonja
 30349 | Lair:1   | Noticed Harold
 30367 | Lair:1   | Killed Harold
 30368 | Lair:1   | Reached skill level 11 in Invocations
 30630 | Lair:1   | Noticed Maggie
 30643 | Lair:1   | Killed Maggie
 30736 | Lair:1   | Reached skill level 11 in Stealth
 30992 | Lair:2   | Found a staircase to the Swamp.
 31792 | Lair:2   | Found an opulent altar of Gozag.
 32116 | Lair:3   | Found a frozen archway.
 32160 | IceCv    | Entered an ice cave
 34104 | Lair:3   | Reached XP level 16. HP: 129/129 MP: 33/33
 35116 | Lair:4   | Reached skill level 9 in Conjurations
 35116 | Lair:4   | Reached skill level 9 in Hexes
 35116 | Lair:4   | Reached skill level 9 in Summonings
 35116 | Lair:4   | Reached skill level 9 in Necromancy
 35116 | Lair:4   | Reached skill level 9 in Translocations
 35116 | Lair:4   | Reached skill level 9 in Transmutations
 35116 | Lair:4   | Reached skill level 9 in Fire Magic
 35116 | Lair:4   | Reached skill level 9 in Air Magic
 35116 | Lair:4   | Reached skill level 9 in Earth Magic
 35116 | Lair:4   | Reached skill level 9 in Poison Magic
 35261 | Lair:4   | Found a staircase to the Snake Pit.
 36007 | Lair:4   | Noticed Kirke
 36024 | Lair:4   | Killed Kirke
 36383 | Lair:5   | Noticed Ycoiwk's ghost (journeyman OpVM)
 36574 | Lair:5   | Found a transporter.
 36574 | Lair:5   | Found a transporter.
 36741 | Lair:5   | Acquired 1171 gold pieces
 37039 | Lair:5   | Found a staircase to the Slime Pits.
 37039 | Lair:5   | Found a viscous altar of Jiyva.
 37443 | Slime:1  | Entered Level 1 of the Pits of Slime
 37454 | Lair:6   | Entered Level 6 of the Lair of Beasts
 37539 | Lair:6   | Reached skill level 12 in Spellcasting
 37727 | Lair:5   | Reached skill level 12 in Ice Magic
 37735 | Lair:5   | Killed Ycoiwk's ghost
 38019 | Lair:6   | Reached skill level 11 in Fighting
 38019 | Lair:6   | Reached skill level 11 in Short Blades
 38019 | Lair:6   | Reached skill level 11 in Long Blades
 38019 | Lair:6   | Reached skill level 11 in Axes
 38019 | Lair:6   | Reached skill level 11 in Maces & Flails
 38019 | Lair:6   | Reached skill level 11 in Polearms
 38019 | Lair:6   | Reached skill level 11 in Staves
 38019 | Lair:6   | Reached skill level 11 in Slings
 38019 | Lair:6   | Reached skill level 11 in Bows
 38019 | Lair:6   | Reached skill level 11 in Crossbows
 38019 | Lair:6   | Reached skill level 11 in Throwing
 38019 | Lair:6   | Reached skill level 11 in Armour
 38019 | Lair:6   | Reached skill level 11 in Shields
 38019 | Lair:6   | Reached skill level 11 in Unarmed Combat
 38019 | Lair:6   | Reached skill level 11 in Evocations
 38115 | Lair:6   | Learned a level 5 spell: Fireball
 38122 | Lair:6   | Learned a level 6 spell: Starburst
 38167 | Lair:6   | Reached skill level 12 in Invocations
 38397 | Lair:6   | Found a large runed translucent door.
 38436 | Lair:6   | Identified the +1 plate armour of the Hart {Dex+4}
 38677 | Lair:6   | Reached skill level 12 in Dodging
 39163 | Lair:6   | Identified the Catalogue of the Voyage
 39281 | Lair:6   | Found a large runed translucent door.
 39810 | Lair:6   | Reached skill level 12 in Stealth
 40137 | Lair:6   | Identified the +5 hand axe "Dotz" {vorpal, *Rage Fly Dex+6}
 40632 | D:10     | Killed Fannar
 41112 | D:10     | Found a glowing silver altar of Zin.
 41625 | Depths:1 | Entered Level 1 of the Depths
 41864 | Depths:1 | Reached XP level 17. HP: 137/137 MP: 21/35
 42208 | Depths:1 | Noticed a lich
 42226 | D:15     | Reached ***** piety under Ashenzari
 42943 | Depths:1 | Noticed Mara
 43362 | Elf:1    | Entered Level 1 of the Elven Halls
 43362 | Elf:1    | Noticed Aizul
 43379 | Elf:1    | Killed Aizul
 43601 | Elf:1    | Paralysed by an air elemental for 1 turns
 43797 | Elf:1    | Noticed Louise
 43999 | Elf:1    | Found Neunokhe's Magic Scroll Shoppe.
 44061 | Elf:1    | Bought a scroll of teleportation for 33 gold pieces
 44061 | Elf:1    | Bought a scroll of fear for 38 gold pieces
 44061 | Elf:1    | Bought a scroll of blinking for 82 gold pieces
 44095 | Elf:1    | HP: 35/143 [poisoned by a +2 glaive of venom]
 44100 | Elf:1    | HP: 27/143 [poisoned by a +2 glaive of venom]
 44990 | Elf:1    | Reached skill level 13 in Ice Magic
 45169 | Elf:1    | Reached skill level 10 in Conjurations
 45169 | Elf:1    | Reached skill level 10 in Hexes
 45169 | Elf:1    | Reached skill level 10 in Summonings
 45169 | Elf:1    | Reached skill level 10 in Necromancy
 45169 | Elf:1    | Reached skill level 10 in Translocations
 45169 | Elf:1    | Reached skill level 10 in Transmutations
 45169 | Elf:1    | Reached skill level 10 in Fire Magic
 45169 | Elf:1    | Reached skill level 10 in Air Magic
 45169 | Elf:1    | Reached skill level 10 in Earth Magic
 45169 | Elf:1    | Reached skill level 10 in Poison Magic
 45309 | Elf:1    | Found a runed translucent gate.
 45309 | Elf:1    | Found a runed translucent gate.
 45309 | Elf:1    | Found a runed translucent gate.
 45309 | Elf:1    | Found a runed translucent gate.
 45309 | Elf:1    | Found a runed translucent gate.
 45311 | Elf:1    | Found a runed translucent gate.
 45540 | Elf:1    | Found a transporter.
 45893 | Elf:1    | Found a transporter.
 46151 | Elf:1    | Reached skill level 13 in Invocations
 46329 | Elf:1    | Killed Louise
 46356 | Elf:1    | Reached skill level 12 in Fighting
 46356 | Elf:1    | Reached skill level 12 in Short Blades
 46356 | Elf:1    | Reached skill level 12 in Long Blades
 46356 | Elf:1    | Reached skill level 12 in Axes
 46356 | Elf:1    | Reached skill level 12 in Maces & Flails
 46356 | Elf:1    | Reached skill level 12 in Polearms
 46356 | Elf:1    | Reached skill level 12 in Staves
 46356 | Elf:1    | Reached skill level 12 in Slings
 46356 | Elf:1    | Reached skill level 12 in Bows
 46356 | Elf:1    | Reached skill level 12 in Crossbows
 46356 | Elf:1    | Reached skill level 12 in Throwing
 46356 | Elf:1    | Reached skill level 12 in Armour
 46356 | Elf:1    | Reached skill level 12 in Shields
 46356 | Elf:1    | Reached skill level 12 in Unarmed Combat
 46356 | Elf:1    | Reached skill level 12 in Evocations
 46474 | Elf:1    | Identified the amulet "Fueryubu" {Reflect rElec rN+ SH+5}
 46475 | Elf:1    | Noticed Gosidgh Gunn's ghost (adept DsIE)
 46680 | Elf:2    | Reached skill level 13 in Spellcasting
 47091 | Elf:2    | Found Zuapp's Armour Shop.
 47185 | Elf:2    | Reached XP level 18. HP: 129/151 MP: 33/39
 47451 | Elf:2    | Found a runed translucent gate.
 47453 | Elf:2    | Found a runed translucent gate.
 47453 | Elf:2    | Found a runed translucent gate.
 47950 | Elf:2    | Reached skill level 13 in Dodging
 48946 | Elf:2    | Reached skill level 13 in Stealth
 49952 | Elf:3    | Entered Level 3 of the Elven Halls
 50105 | Elf:3    | Found Bucusu's Book Boutique.
 50106 | Elf:3    | Found Qaelidai's Jewellery Emporium.
 50107 | Elf:3    | Found Moehor's Book Boutique.
 50140 | Elf:3    | Upgraded the game from 0.28-a0-565-g7719699fd9 to
                  | 0.28-a0-592-g6fc52098c6
 50177 | Elf:3    | Noticed Roxanne
 50187 | Elf:3    | Found Usuust's Antique Armour Emporium.
 50362 | Elf:3    | Killed Roxanne
 50445 | Elf:3    | Bought a glowing cloak for 255 gold pieces
 50445 | Elf:3    | Bought a runed helmet for 255 gold pieces
 50464 | Elf:3    | Found Iphesh's Magic Scroll Boutique.
 50492 | Elf:3    | Bought a scroll of blinking for 90 gold pieces
 50492 | Elf:3    | Bought a scroll of enchant armour for 90 gold pieces
 50492 | Elf:3    | Bought a scroll of fear for 42 gold pieces
 50551 | Elf:3    | Found a runed translucent door.
 50551 | Elf:3    | Noticed Tijoc's ghost (journeyman FeWn)
 50578 | Elf:3    | Killed Tijoc's ghost
 51024 | Elf:3    | Found Feul's Book Shop.
 51181 | Elf:3    | Found Mezxodoh's Antique Armour Boutique.
 51206 | Elf:3    | Bought a pair of runed gloves for 217 gold pieces
 51266 | Elf:3    | Identified the ring "Joteremu" {Fire rElec Int+3 Dex+2}
 51277 | Elf:3    | Noticed a deep elf master archer
 51283 | Elf:3    | Reached skill level 14 in Ice Magic
 51287 | Elf:3    | Killed a deep elf master archer
 51621 | Elf:3    | Identified the ring of Wais {rElec AC+4}
 51625 | Elf:3    | Identified the +6 mace "Ofepek" {elec, SInv}
 52064 | Elf:3    | Identified the +2 scale mail of Kony {Fly rPois Str+2}
 52064 | Elf:3    | Noticed a deep elf blademaster
 52076 | Elf:3    | Killed a deep elf blademaster
 52137 | Elf:3    | Reached skill level 14 in Invocations
 52137 | Elf:3    | Reached XP level 19. HP: 161/161 MP: 40/40
 52138 | Elf:3    | Reached skill level 13 in Fighting
 52138 | Elf:3    | Reached skill level 13 in Short Blades
 52138 | Elf:3    | Reached skill level 13 in Long Blades
 52138 | Elf:3    | Reached skill level 13 in Axes
 52138 | Elf:3    | Reached skill level 13 in Maces & Flails
 52138 | Elf:3    | Reached skill level 13 in Polearms
 52138 | Elf:3    | Reached skill level 13 in Staves
 52138 | Elf:3    | Reached skill level 13 in Slings
 52138 | Elf:3    | Reached skill level 13 in Bows
 52138 | Elf:3    | Reached skill level 13 in Crossbows
 52138 | Elf:3    | Reached skill level 13 in Throwing
 52138 | Elf:3    | Reached skill level 13 in Armour
 52138 | Elf:3    | Reached skill level 13 in Shields
 52138 | Elf:3    | Reached skill level 13 in Unarmed Combat
 52138 | Elf:3    | Reached skill level 11 in Conjurations
 52138 | Elf:3    | Reached skill level 11 in Hexes
 52138 | Elf:3    | Reached skill level 11 in Summonings
 52138 | Elf:3    | Reached skill level 11 in Necromancy
 52138 | Elf:3    | Reached skill level 11 in Translocations
 52138 | Elf:3    | Reached skill level 11 in Transmutations
 52138 | Elf:3    | Reached skill level 11 in Fire Magic
 52138 | Elf:3    | Reached skill level 11 in Air Magic
 52138 | Elf:3    | Reached skill level 11 in Earth Magic
 52138 | Elf:3    | Reached skill level 11 in Poison Magic
 52138 | Elf:3    | Reached skill level 13 in Evocations
 52138 | Elf:3    | Reached XP level 20. HP: 168/168 MP: 42/42
 52181 | Elf:3    | Identified the +6 morningstar "Wuzy" {venom, Dex+5}
 52189 | Elf:3    | Reached XP level 21. HP: 171/174 MP: 43/43
 52206 | Elf:3    | Identified the +6 chain mail of Courage {rPois}
 52646 | Elf:3    | Identified the Catalogue of Aerial Poisoning
 52646 | Elf:3    | Identified Kerumick's Disquisition on Transmutation
 52831 | Elf:3    | Found Beageegat's Distillery.
 52838 | Elf:3    | Bought a potion of heal wounds for 80 gold pieces
 52838 | Elf:3    | Bought a potion of magic for 128 gold pieces
 52838 | Elf:3    | Bought a potion of heal wounds for 80 gold pieces
 52838 | Elf:3    | Bought a potion of curing for 48 gold pieces
 52838 | Elf:3    | Bought a potion of haste for 160 gold pieces
 52838 | Elf:3    | Bought a potion of magic for 128 gold pieces
 52875 | Elf:3    | Bought the ring "Udot" {rElec rPois Dex+4} for 636 gold
                  | pieces
 52975 | Elf:1    | Reached skill level 14 in Spellcasting
 53007 | Elf:1    | HP: 30/172 [frozen (19)]
 53012 | Elf:1    | HP: 34/172 [spore (13)]
 53013 | Elf:1    | Killed Gosidgh Gunn's ghost
 53600 | Swamp:1  | Entered Level 1 of the Swamp
 54257 | Swamp:1  | Identified the ring "Afirey" {Fire rPois}
 55057 | Swamp:2  | Reached skill level 14 in Dodging
 55344 | Swamp:2  | Found a bloodstained altar of Trog.
 56355 | Swamp:3  | Noticed Donald
 56372 | Swamp:3  | Killed Donald
 56919 | Swamp:3  | Noticed Mlioglotl
 56950 | Swamp:3  | Killed Mlioglotl
 56951 | Swamp:3  | Reached skill level 15 in Ice Magic
 57204 | Swamp:3  | Reached skill level 14 in Stealth
 57524 | Swamp:4  | Entered Level 4 of the Swamp
 58026 | Swamp:4  | Identified the +6 ring mail "Diawkoax" {Regen+}
 58291 | Swamp:4  | Reached skill level 14 in Unarmed Combat
 59077 | Swamp:4  | Got a decaying rune of Zot
 59351 | Snake:1  | Entered Level 1 of the Snake Pit
 60580 | Snake:1  | Reached skill level 15 in Invocations
 60947 | Snake:1  | Reached XP level 22. HP: 181/183 MP: 44/44
 62316 | Snake:2  | Learned a level 4 spell: Flame Wave
 62388 | Snake:2  | Reached skill level 14 in Fighting
 62388 | Snake:2  | Reached skill level 14 in Short Blades
 62388 | Snake:2  | Reached skill level 14 in Long Blades
 62388 | Snake:2  | Reached skill level 14 in Axes
 62388 | Snake:2  | Reached skill level 14 in Maces & Flails
 62388 | Snake:2  | Reached skill level 14 in Polearms
 62388 | Snake:2  | Reached skill level 14 in Staves
 62388 | Snake:2  | Reached skill level 14 in Slings
 62388 | Snake:2  | Reached skill level 14 in Bows
 62388 | Snake:2  | Reached skill level 14 in Crossbows
 62388 | Snake:2  | Reached skill level 14 in Throwing
 62388 | Snake:2  | Reached skill level 14 in Armour
 62388 | Snake:2  | Reached skill level 14 in Shields
 62388 | Snake:2  | Reached skill level 14 in Evocations
 62787 | Snake:2  | Identified the Incunabulum of Blistering Beguiling
 64203 | Snake:4  | Entered Level 4 of the Snake Pit
 64328 | Snake:4  | Found a shimmering altar of Xom.
 64743 | Snake:4  | Reached skill level 15 in Unarmed Combat
 64844 | Snake:4  | Reached skill level 12 in Conjurations
 64844 | Snake:4  | Reached skill level 12 in Hexes
 64844 | Snake:4  | Reached skill level 12 in Summonings
 64844 | Snake:4  | Reached skill level 12 in Necromancy
 64844 | Snake:4  | Reached skill level 12 in Translocations
 64844 | Snake:4  | Reached skill level 12 in Transmutations
 64844 | Snake:4  | Reached skill level 12 in Fire Magic
 64844 | Snake:4  | Reached skill level 12 in Air Magic
 64844 | Snake:4  | Reached skill level 12 in Earth Magic
 64844 | Snake:4  | Reached skill level 12 in Poison Magic
 65298 | Snake:4  | Reached skill level 16 in Ice Magic
 65316 | Snake:4  | Reached skill level 15 in Spellcasting
 66139 | Snake:4  | Reached skill level 15 in Dodging
 66419 | Snake:4  | Got a serpentine rune of Zot
 67394 | Vaults:1 | Entered Level 1 of the Vaults
 67570 | Vaults:1 | Reached skill level 15 in Stealth
 68724 | Vaults:1 | Reached XP level 23. HP: 192/192 MP: 46/46
 69115 | Vaults:1 | Found Xenun's Magic Scroll Boutique.
 69123 | Vaults:1 | Bought a scroll of magic mapping for 77 gold pieces
 69123 | Vaults:1 | Bought a scroll of blinking for 165 gold pieces
 69123 | Vaults:1 | Bought a scroll of teleportation for 66 gold pieces
 69440 | Vaults:1 | Reached skill level 16 in Unarmed Combat
 69773 | Vaults:1 | Identified the +4 plate armour "Fyreo" {Fly Will+}
 70057 | Vaults:2 | Found Picanoxt's Antique Armour Boutique.
 70482 | Vaults:2 | Reached skill level 16 in Invocations
 70516 | Vaults:2 | HP: 47/192 [ironbound thunderhulk/bolt of lightning[a vault
                  | warden] (13)]
 70523 | Vaults:2 | HP: 32/192 [yaktaur/bolt (15)]
 70529 | Vaults:2 | HP: 19/192 [deep troll[an ironbound preserver] (15)]
 70537 | Vaults:1 | HP: 17/192 [deep troll[an ironbound preserver] (2)]
 71879 | Vaults:2 | Found an ancient bone altar of Kikubaaqudgha.
 72604 | Vaults:2 | Reached skill level 15 in Fighting
 72604 | Vaults:2 | Reached skill level 15 in Short Blades
 72604 | Vaults:2 | Reached skill level 15 in Long Blades
 72604 | Vaults:2 | Reached skill level 15 in Axes
 72604 | Vaults:2 | Reached skill level 15 in Maces & Flails
 72604 | Vaults:2 | Reached skill level 15 in Polearms
 72604 | Vaults:2 | Reached skill level 15 in Staves
 72604 | Vaults:2 | Reached skill level 15 in Slings
 72604 | Vaults:2 | Reached skill level 15 in Bows
 72604 | Vaults:2 | Reached skill level 15 in Crossbows
 72604 | Vaults:2 | Reached skill level 15 in Throwing
 72604 | Vaults:2 | Reached skill level 15 in Armour
 72604 | Vaults:2 | Reached skill level 15 in Shields
 72604 | Vaults:2 | Reached skill level 15 in Evocations
 72620 | Vaults:2 | Reached skill level 17 in Ice Magic
 73093 | Vaults:2 | Found a basalt altar of Yredelemnul.
 73103 | Vaults:2 | Found a staircase to the Crypt.
 73607 | Vaults:3 | Paralysed by a great orb of eyes for 3 turns
 73796 | Vaults:3 | Noticed Asterion
 73813 | Vaults:3 | Killed Asterion
 73826 | Vaults:3 | Reached skill level 17 in Unarmed Combat
 74308 | Vaults:3 | Paralysed by a sphinx for 6 turns
 74747 | Vaults:3 | Reached skill level 16 in Spellcasting
 74854 | Vaults:3 | Reached skill level 13 in Conjurations
 74854 | Vaults:3 | Reached skill level 13 in Hexes
 74854 | Vaults:3 | Reached skill level 13 in Summonings
 74854 | Vaults:3 | Reached skill level 13 in Necromancy
 74854 | Vaults:3 | Reached skill level 13 in Translocations
 74854 | Vaults:3 | Reached skill level 13 in Transmutations
 74854 | Vaults:3 | Reached skill level 13 in Fire Magic
 74854 | Vaults:3 | Reached skill level 13 in Air Magic
 74854 | Vaults:3 | Reached skill level 13 in Earth Magic
 74854 | Vaults:3 | Reached skill level 13 in Poison Magic
 74936 | Vaults:3 | Found a runed translucent door.
 74945 | Vaults:3 | Noticed Plog's ghost (adept DDFi)
 75290 | Vaults:3 | Reached XP level 24. HP: 201/201 MP: 47/47
 75567 | Vaults:3 | Killed Plog's ghost
 76271 | Vaults:4 | Reached skill level 16 in Dodging
 76708 | Vaults:4 | Paralysed by a sphinx for 3 turns
 76721 | Vaults:4 | Reached skill level 16 in Stealth
 77969 | Vaults:4 | Acquired the amulet of Zeeleq {Reflect rElec Will+ Slay+3
                  | SH+5}
 79201 | Elf:2    | Bought a +1 pair of boots of flying for 214 gold pieces
 79585 | Depths:1 | Noticed IndexError's illusion
 79732 | Depths:1 | Noticed IndexError's illusion
 79969 | Depths:1 | Noticed IndexError's illusion
 80081 | Depths:1 | Noticed IndexError's illusion
 80319 | Depths:1 | Noticed IndexError's illusion
 80405 | Depths:1 | Noticed IndexError's illusion
 80540 | Depths:1 | Noticed IndexError's illusion
 80750 | D:15     | Reached skill level 17 in Invocations
 80860 | Depths:1 | Noticed IndexError's illusion
 81041 | Depths:1 | Noticed IndexError's illusion
 81141 | Depths:1 | HP: 48/201 [IndexError's illusion (illusionary)/freezing
                  | blast[Mara] (26)]
 81569 | Depths:1 | Noticed IndexError's illusion
 81613 | D:15     | HP: 22/201 [iron troll (34)]
 82191 | Depths:1 | Noticed IndexError's illusion
 82389 | Depths:1 | Noticed IndexError's illusion
 82411 | D:15     | Reached skill level 18 in Unarmed Combat
 82915 | D:15     | Noticed IndexError's illusion
 83236 | D:15     | Killed Mara
 83237 | D:15     | Reached skill level 18 in Ice Magic
 83364 | Depths:1 | Noticed a juggernaut
 83427 | Depths:1 | Killed a juggernaut
 83706 | Depths:1 | Learned a level 9 spell: Polar Vortex
 83907 | Elf:3    | Bought a book of Power for 420 gold pieces
 83914 | Elf:3    | Learned a level 6 spell: Iron Shot
 84247 | Depths:1 | Found a gateway to Hell.
 84427 | Depths:1 | Noticed a juggernaut
 84565 | Depths:1 | Identified the +4 morningstar "Wauchus" {holy, Dex+3}
 84858 | Depths:1 | Killed a juggernaut
 85148 | Depths:1 | Found a runed translucent door.
 86388 | Depths:2 | Reached skill level 16 in Fighting
 86388 | Depths:2 | Reached skill level 16 in Short Blades
 86388 | Depths:2 | Reached skill level 16 in Long Blades
 86388 | Depths:2 | Reached skill level 16 in Axes
 86388 | Depths:2 | Reached skill level 16 in Maces & Flails
 86388 | Depths:2 | Reached skill level 16 in Polearms
 86388 | Depths:2 | Reached skill level 16 in Staves
 86388 | Depths:2 | Reached skill level 16 in Slings
 86388 | Depths:2 | Reached skill level 16 in Bows
 86388 | Depths:2 | Reached skill level 16 in Crossbows
 86388 | Depths:2 | Reached skill level 16 in Throwing
 86388 | Depths:2 | Reached skill level 16 in Armour
 86388 | Depths:2 | Reached skill level 16 in Shields
 86388 | Depths:2 | Reached skill level 16 in Evocations
 86754 | Depths:2 | Reached XP level 25. HP: 208/208 MP: 47/47
 87130 | Depths:2 | Found a gateway to a ziggurat.
 87463 | Depths:2 | Identified the +2 glaive "Uxzolik" {protect, rElec Str+3
                  | Int+7}
 88878 | Depths:2 | Acquired a +6 demon whip of pain
 88887 | Depths:2 | Found a one-way gate leading to the halls of Pandemonium.
 89480 | Depths:3 | Found Tozed's Magic Scroll Shoppe.
 89735 | D:11     | You paid a toll of +4 ice dragon scales to enter a treasure
                  | trove
 89736 | Trove    | Entered a treasure trove
 89739 | Trove    | Identified the +0 scale mail "Boatoasy" {rF- Regen+ rCorr
                  | Stlth+}
 89740 | Trove    | Identified the +6 kite shield of the Vestibule of Hell
                  | {MP+9 SInv}
 89741 | Trove    | Identified a lightning rod (4/4)
 90073 | Depths:3 | Found a one-way gate to the infinite horrors of the Abyss.
 90172 | Depths:3 | Identified the +4 plate armour "Xassecos" {rF- Int+4 SInv}
 90522 | Depths:2 | Reached skill level 17 in Spellcasting
 90922 | Depths:2 | Reached skill level 19 in Unarmed Combat
 91515 | Depths:3 | Reached skill level 17 in Dodging
 91527 | Depths:3 | Reached skill level 14 in Conjurations
 91527 | Depths:3 | Reached skill level 14 in Hexes
 91527 | Depths:3 | Reached skill level 14 in Summonings
 91527 | Depths:3 | Reached skill level 14 in Necromancy
 91527 | Depths:3 | Reached skill level 14 in Translocations
 91527 | Depths:3 | Reached skill level 14 in Transmutations
 91527 | Depths:3 | Reached skill level 14 in Fire Magic
 91527 | Depths:3 | Reached skill level 14 in Air Magic
 91527 | Depths:3 | Reached skill level 14 in Earth Magic
 91527 | Depths:3 | Reached skill level 14 in Poison Magic
 91882 | Depths:3 | Reached skill level 17 in Stealth
 91886 | Depths:3 | Noticed a juggernaut
 91922 | Depths:3 | Killed a juggernaut
 91945 | Depths:3 | Noticed an ancient lich
 91959 | Depths:3 | Killed an ancient lich
 92625 | Depths:3 | Reached skill level 18 in Invocations
 92697 | Depths:3 | Found Asefot's Magic Scroll Shop.
 92952 | Depths:3 | Found Cocuwit's Antique Armour Emporium.
 93000 | Depths:3 | Bought a heavily runed helmet for 247 gold pieces
 93000 | Depths:3 | Identified the +1 helmet of the Hidden Vale {-Tele rF+
                  | Stlth+} (You bought it in a shop on level 3 of the Depths)
 93338 | Depths:4 | Entered Level 4 of the Depths
 93350 | Depths:4 | Reached skill level 19 in Ice Magic
 93427 | Depths:4 | Reached XP level 26. HP: 180/220 MP: 46/48
 94334 | Depths:4 | Found a blossoming altar of Fedhas.
 94375 | Depths:4 | Noticed the Enchantress
 94386 | Depths:4 | Killed the Enchantress
 95905 | Depths:4 | Found a gate to the Realm of Zot.
 96414 | Vaults:5 | Entered Level 5 of the Vaults
 96420 | Vaults:5 | Reached skill level 17 in Fighting
 96420 | Vaults:5 | Reached skill level 17 in Short Blades
 96420 | Vaults:5 | Reached skill level 17 in Long Blades
 96420 | Vaults:5 | Reached skill level 17 in Axes
 96420 | Vaults:5 | Reached skill level 17 in Maces & Flails
 96420 | Vaults:5 | Reached skill level 17 in Polearms
 96420 | Vaults:5 | Reached skill level 17 in Staves
 96420 | Vaults:5 | Reached skill level 17 in Slings
 96420 | Vaults:5 | Reached skill level 17 in Bows
 96420 | Vaults:5 | Reached skill level 17 in Crossbows
 96420 | Vaults:5 | Reached skill level 17 in Throwing
 96420 | Vaults:5 | Reached skill level 17 in Armour
 96420 | Vaults:5 | Reached skill level 17 in Shields
 96420 | Vaults:5 | Reached skill level 20 in Unarmed Combat
 96420 | Vaults:5 | Reached skill level 17 in Evocations
 96451 | Vaults:5 | Noticed an ancient lich
 96684 | Vaults:4 | Killed an ancient lich
 97244 | Vaults:5 | Identified a lightning rod (4/4)
 97250 | Vaults:5 | Identified the +6 dagger "Vyggepan" {flame, rN+ Dex+6
                  | Stlth-}
 97296 | Vaults:5 | Noticed a dread lich
 97384 | Vaults:5 | HP: 46/216 [???[a dread lich] (43)]
 97831 | Vaults:5 | Killed a dread lich
 98333 | Vaults:5 | Noticed an ancient lich
 98396 | Vaults:5 | Killed an ancient lich
 98397 | Vaults:5 | Reached skill level 18 in Spellcasting
 99137 | Vaults:5 | Reached XP level 27. HP: 228/228 MP: 48/48
 99418 | Vaults:5 | Identified the +1 robe "Abbevuet" {rPois rF+ rN+}
 99571 | Vaults:5 | Reached skill level 18 in Dodging
 99754 | Vaults:5 | Noticed an ancient lich
 99770 | Vaults:5 | Killed an ancient lich
 99773 | Vaults:5 | Reached skill level 20 in Ice Magic
 99776 | Vaults:5 | HP: 49/220 [shadow dragon (10)]
100430 | Vaults:5 | Got a silver rune of Zot
100590 | Vaults:5 | Reached skill level 18 in Stealth
100590 | Vaults:5 | Reached skill level 19 in Invocations
100747 | Vaults:5 | Noticed a dread lich
100772 | Vaults:5 | Killed a dread lich
100789 | Vaults:5 | Reached skill level 15 in Conjurations
100789 | Vaults:5 | Reached skill level 15 in Hexes
100789 | Vaults:5 | Reached skill level 15 in Summonings
100789 | Vaults:5 | Reached skill level 15 in Necromancy
100789 | Vaults:5 | Reached skill level 15 in Translocations
100789 | Vaults:5 | Reached skill level 15 in Transmutations
100789 | Vaults:5 | Reached skill level 15 in Fire Magic
100789 | Vaults:5 | Reached skill level 15 in Air Magic
100789 | Vaults:5 | Reached skill level 15 in Earth Magic
100789 | Vaults:5 | Reached skill level 15 in Poison Magic
101614 | Vaults:5 | Identified the +9 morningstar "Siofiuwn" {freeze, Int+3}
101626 | Vaults:5 | Reached skill level 21 in Unarmed Combat
101628 | Vaults:5 | Identified the ring "Ruxkud" {Fly Str+2 Int-4 Dex+3}
101684 | Vaults:5 | Identified a lightning rod (4/4)
101684 | Vaults:5 | Identified the +1 trident of Usaell {holy, MP+9 Int+3
                  | Dex+7}
101950 | Vaults:5 | Upgraded the game from 0.28-a0-592-g6fc52098c6 to
                  | 0.28-a0-604-g249bb1af34
101950 | Vaults:5 | Reached ****** piety under Ashenzari
102418 | Zot:1    | Entered Level 1 of the Realm of Zot
103421 | Orc:2    | Learned a level 8 spell: Lehudib's Crystal Spear
103437 | Orc:2    | Learned a level 8 spell: Discord
103532 | Elf:3    | Bought a book of Annihilations for 720 gold pieces
103542 | Elf:3    | Learned a level 9 spell: Shatter
103548 | Elf:3    | Learned a level 5 spell: Borgnjor's Vile Clutch
103554 | Elf:3    | Learned a level 5 spell: Agony
104572 | Zot:1    | Reached skill level 18 in Evocations
105904 | Zot:2    | Identified the +11 war axe of the Median {vorpal, Int+2
                  | Dex+3}
105916 | Zot:2    | Noticed an orb of fire
106485 | Zot:2    | Identified the ring "Xucir" {+Blink MP+9 Dex+3}
106743 | Zot:2    | Noticed an ancient lich
107243 | Zot:2    | Reached skill level 18 in Fighting
107243 | Zot:2    | Reached skill level 18 in Short Blades
107243 | Zot:2    | Reached skill level 18 in Long Blades
107243 | Zot:2    | Reached skill level 18 in Axes
107243 | Zot:2    | Reached skill level 18 in Maces & Flails
107243 | Zot:2    | Reached skill level 18 in Polearms
107243 | Zot:2    | Reached skill level 18 in Staves
107243 | Zot:2    | Reached skill level 18 in Slings
107243 | Zot:2    | Reached skill level 18 in Bows
107243 | Zot:2    | Reached skill level 18 in Crossbows
107243 | Zot:2    | Reached skill level 18 in Throwing
107243 | Zot:2    | Reached skill level 18 in Armour
107243 | Zot:2    | Reached skill level 18 in Shields
107253 | Zot:2    | HP: 49/233 [death cob (15)]
108037 | Zot:5    | Entered Level 5 of the Realm of Zot
108846 | Zot:5    | Noticed an ancient lich
108855 | Zot:5    | Killed an ancient lich
108989 | Zot:5    | Identified the +4 halberd of Equivalence {drain, rPois
                  | Dex+6}
109094 | Zot:5    | Noticed a dread lich
109140 | Zot:5    | Noticed an orb of fire
109229 | Zot:5    | Gained mutation: You have an increased reservoir of magic.
                  | (+10% MP) [an orb of fire]
109231 | Zot:5    | Killed an orb of fire
109491 | Zot:5    | Noticed an orb of fire
109668 | Zot:5    | Gained mutation: You are clumsy. (Dex -2) [an orb of fire]
109673 | Zot:5    | Killed an orb of fire
110125 | Zot:5    | Reached skill level 22 in Unarmed Combat
110433 | Zot:5    | Killed a dread lich
110553 | Zot:5    | Noticed an ancient lich
110579 | Zot:5    | Killed an ancient lich
110580 | Zot:5    | Reached skill level 19 in Evocations
111021 | Zot:5    | Reached skill level 21 in Ice Magic
111291 | Zot:5    | Reached skill level 19 in Spellcasting
112589 | Elf:3    | Bought a potion of brilliance for 64 gold pieces
112589 | Elf:3    | Bought a potion of might for 64 gold pieces
112589 | Elf:3    | Bought a potion of cancellation for 128 gold pieces
113319 | Zot:5    | Reached skill level 20 in Invocations
113350 | Zot:5    | Reached skill level 19 in Dodging
113713 | Zot:5    | Noticed an orb of fire
113841 | Zot:5    | Identified the cursed +5 hunting sling of the Shattered
                  | Repose {flame, Range, Elem} (You found it on level 2 of the
                  | Dungeon)
113841 | Zot:5    | Identified the cursed +2 cloak "Restrained With Me" {Elem,
                  | Range} (You bought it in a shop on level 2 of the Orcish
                  | Mines)
113841 | Zot:5    | Identified the cursed +2 helmet "Overhang to Understand"
                  | {Int+3, Elem, Range} (You found it on level 3 of the Elven
                  | Halls)
113841 | Zot:5    | Identified the cursed +2 pair of gloves "Insecurity of the
                  | Sky" {Dex+3, Bglg, Fort} (You bought it in a shop on level
                  | 3 of the Elven Halls)
113841 | Zot:5    | Identified the cursed +2 buckler "Eternal Together" {rC+,
                  | Cun, Fort} (You found it in an ice cave)
113841 | Zot:5    | Identified the cursed +3 ring mail "Eternal Together" {rF+,
                  | Elem, Self} (You found it in a volcano)
113841 | Zot:5    | Identified the cursed ring of the Oracular Shame {MP+9,
                  | MP+9, Cun, Self} (You found it on level 3 of the Dungeon)
113895 | Zot:5    | Lost mutation: You have an increased reservoir of magic.
                  | (+10% MP) [an orb of fire]
113902 | Zot:5    | Killed an orb of fire
114053 | Zot:5    | Noticed an ancient lich
114058 | Zot:5    | Killed an ancient lich
114230 | Zot:5    | Noticed an orb of fire
114251 | Zot:5    | Gained mutation: You are frail. (-10% HP) [an orb of fire]
114254 | Zot:5    | Gained mutation: You sometimes lose the ability to read
                  | scrolls when taking damage. [an orb of fire]
114260 | Zot:5    | Killed an orb of fire
114261 | Zot:5    | Reached skill level 19 in Stealth
114272 | Zot:5    | HP: 40/211 [Killer Klown (22)]
114273 | Zot:5    | Noticed an orb of fire
114285 | Zot:5    | HP: 30/211 [Killer Klown/klown pie (17)]
114297 | Zot:5    | Killed from afar by a Killer Klown

Illustrated notes

Levels and vault maps discovered:
D:1:      nicolae_arrival_memento_mori, layout_basic,
          shapermc_ecumenical_altar_mp_ritualfount,
          chequers_serial_rivers_room_b
D:2:      layout_loops_corners, serial_shops, nicolae_shop_stone
D:3:      layout_basic, amcnicky_altar_gilded
D:4:      layout_basic, nemelex_diamond_rough_becter, lemuel_crystal_altar
D:5:      layout_cave_pools, lemuel_tele_altar, mainiacjoe_overflow_24_doors,
          kiku_gazebo_garden_becter, nrook_uturn, uniq_sigmund
D:6:      layout_rooms
D:7:      layout_rooms, temple_garden, uniq_duvessa
D:8:      minmay_octagon_keep, layout_loops_cross
D:9:      layout_loops_cross, mainiacjoe_overflow_catwalk, lair_entry_dummy,
          serial_shops, kennysheep_mini
D:10:     layout_loops_ring, mainiacjoe_overflow_brackets, enter_bailey_2,
          uniq_erica, uniq_erolcha, uniq_joseph
D:11:     layout_roguey, nicolae_trove_entry_diagonal, minivault_8, uniq_fannar,
          uniq_grum
D:12:     layout_gridville, orc_0_dummy
D:13:     layout_gridville, david_vaults_5, uniq_frances
D:14:     layout_loops_ring, chequers_serial_rivers_micro_d
D:15:     grunt_enter_depths_magical_seal, layout_basic, laboratory
Temple:   jpeg_temple_clearing
Lair:1:   layout_chaotic_city, lightli_volcano_entry_magma_tube,
          grunt_megastairs_1, uniq_harold, uniq_sonja, uniq_maggie
Lair:2:   layout_hall_layers, skrybe_swamp_entry_bodies, basic_altar,
          minivault_27, pond
Lair:3:   layout_misc_corridors, portal_ice_cave_rime, serial_forest,
          infiniplex_forest_clump_double, infiniplex_forest_clump_long,
          infiniplex_forest_clump_cross, infiniplex_forest_end_2,
          infiniplex_forest_split, infiniplex_forest_clump_diagonal,
          infiniplex_forest_straight_1
Lair:4:   layout_regular_city, guppyfry_snake_entry_garden, st_stairs_4,
          lemuel_fruit_tree, uniq_kirke
Lair:5:   layout_layer_cave, slime_altar_1, gammafunk_ghost_hive,
          chequers_serial_rivers_micro_a, serial_bayou_shore_b
Lair:6:   cheibrodos_lair_end_hotspot, layout_gridlike, nzn_sisyphean_effort
Swamp:1:  layout_basic_swamp, evilmike_swamp_ruin_house_4
Swamp:2:  layout_basic_swamp, lemuel_altar_in_water
Swamp:3:  layout_basic_swamp, evilmike_swamp_ruin_house_1, swamp_pool5,
          uniq_mlioglotl, uniq_donald
Swamp:4:  swamp_basic_johnstein, layout_basic_swamp
Snake:1:  layout_basic, nicolae_snake_gridmaze_squiggle,
          chequers_hall_statues_wall_a, drop_trap, nicolae_snake_dead_anacondas
Snake:2:  layout_rooms
Snake:3:  layout_chambers
Snake:4:  grunt_snake_rune_spirals, layout_onion_interference, basic_altar
Slime:1:  layout_caves
Orc:1:    layout_caves, gammafunk_ghost_arena, basic_altar, lemuel_statue_altar
Orc:2:    grunt_orc_cross, layout_caves, abandoned_shop
Elf:1:    layout_loops_corners, serial_shops, shop,
          gammafunk_ghost_berserking_beasts, orc_legates, uniq_aizul,
          uniq_louise
Elf:2:    nicolae_elf_blades_crystal_corner, layout_geoelf_octagon,
          serial_shops, nicolae_lakefront_shop
Elf:3:    minmay_elf_hall_dome, layout_geoelf_octagon,
          ebering_ghost_inner_flame, serial_shops, shop, nicolae_square_shop,
          shop, shop, shop, minmay_shop_grove, uniq_roxanne
Vaults:1: nicolae_vaults_puzzle_piece, nicolae_vaults_network_s, st_lines,
          hangedman_vaults_locks, v_misc_14, ontoclasm_vaults_loading_screen,
          hangedman_vaults_unwind, v_misc_17, vaults_mumra_chevron,
          ontoclasm_vaults_chip, v_alt_pattern_3, hangedman_vaults_cutoff,
          ontoclasm_vaults_shuriken, nicolae_vaults_circle_grid_a,
          nicolae_vaults_gold_heap, vaults_room_hallway, layout_vaults_omnibox,
          serial_shops, nicolae_square_shop
Vaults:2: ontoclasm_vaults_gateway, v_pattern_4, minmay_crypt_entry_necro_gods,
          nicolae_vaults_ring_of_whatevers, ontoclasm_vaults_pinch,
          v_alt_pattern_2, ontoclasm_vaults_claustrophobia,
          ontoclasm_vaults_chip, vaults_room_pool,
          vaults_mumra_minichess_inversion, hangedman_vaults_pinch,
          v_alt_pattern_6, hangedman_vaults_impose, grunt_vaults_hallway_short,
          layout_vaults_ring, serial_shops, nicolae_shop_waterfront
Vaults:3: ebering_vaults_ghost_reflecting_pool,
          nicolae_vaults_windows_and_doors_thing, hangedman_vaults_nails,
          vaults_standard_mumra_x, hangedman_vaults_stream, grunt_vaults_funnel,
          v_misc_18, nicolae_vaults_angled_halls, vaults_room_fancy_cross,
          vaults_room_semicircle, layout_vaults_quadrants, uniq_asterion,
          uniq_margery
Vaults:4: nicolae_vaults_little_squares_2, grunt_vaults_swirl, v_misc_4,
          ontoclasm_vaults_loading_screen, v_rooms_3,
          nicolae_vaults_little_squares_2, ontoclasm_vaults_eye, v_rooms_1,
          v_misc_2, layout_vaults_maze_snakey,
          portal_desolation_entry_nicolae_slug
Vaults:5: serial_shops
Depths:1: layout_gridville, grunt_hell_entry_dis_grunt, serial_bayou_pond_b,
          minmay_misc_feat_enclosed, minmay_misc_feat_doors,
          minmay_hidden_floor, uniq_mara
Depths:2: hangedman_crystal_crosses_colossus [crystal_crosses_arms_four,
          crystal_crosses_arms_two, crystal_crosses_arms_two,
          crystal_crosses_arms_one], pan_entry, hell_entry
Depths:3: grunt_crosshair, layout_cave_pools, minmay_misc_feat_secret_circle,
          abyss_entry_glasseish, hell_entry, serial_shops,
          nicolae_stop_n_shop_1, nicolae_shop_temple_entry_statues_fountains,
          shop, infiniplex_staircase_zigzag_1, serial_bayou_shore_a
Depths:4: grunt_zot_entry_pinwheel, layout_basic, hell_entry,
          old_standard_altar, pan_entry, lemuel_another_geyser, uniq_enchantress
Zot:1:    layout_gridville
Zot:2:    grunt_deathspiral_small, layout_onion_interference,
          hangedman_player_shredder
Zot:3:    layout_onion
Zot:4:    layout_basic, ebering_ghost_reflecting_pool
Zot:5:    layout_misc_corridors

Skill      XL: |  1  2  3  4  5  6  7  8  9 10 11 12 13 14 15 16 17 18 19 20 21 22 23 24 25 26 27 |
---------------+----------------------------------------------------------------------------------+-----
Spellcasting   | 5 6 7 8 9 10 11 12 13 14 15 16 17 18 19 | 19.1
Invocations    | 1 2 3 4 5 6 7 8 9 10 11 12 13 14 15 16 17 18 20 | 20.1
Fighting       | 1 2 3 4 5 6 7 8 9 10 11 12 13 14 15 16 17 18 | 18.5
Short Blades   | 1 2 3 4 5 6 7 8 9 10 11 12 13 14 15 16 17 18 | 18.5
Long Blades    | 1 2 3 4 5 6 7 8 9 10 11 12 13 14 15 16 17 18 | 18.5
Axes           | 1 2 3 4 5 6 7 8 9 10 11 12 13 14 15 16 17 18 | 18.5
Maces & Flails | 1 2 3 4 5 6 7 8 9 10 11 12 13 14 15 16 17 18 | 18.5
Polearms       | 1 2 3 4 5 6 7 8 9 10 11 12 13 14 15 16 17 18 | 18.5
Staves         | 1 2 3 4 5 6 7 8 9 10 11 12 13 14 15 16 17 18 | 18.5
Slings         | 1 2 3 4 5 6 7 8 9 10 11 12 13 14 15 16 17 18 | 18.5
Bows           | 1 2 3 4 5 6 7 8 9 10 11 12 13 14 15 16 17 18 | 18.5
Crossbows      | 1 2 3 4 5 6 7 8 9 10 11 12 13 14 15 16 17 18 | 18.5
Throwing       | 1 2 3 4 5 6 7 8 9 10 11 12 13 14 15 16 17 18 | 18.5
Armour         | 1 2 3 4 5 6 7 8 9 10 11 12 13 14 15 16 17 18 | 18.5
Shields        | 1 2 3 4 5 6 7 8 9 10 11 12 13 14 15 16 17 18 | 18.5
Unarmed Combat | 1 2 3 4 5 6 7 8 9 10 11 12 13 14 15 17 18 19 20 22 | 22.4
Evocations     | 1 2 3 4 5 6 7 8 9 10 11 12 13 14 15 16 17 19 | 19.4
Conjurations   | 1 2 3 4 5 6 7 8 9 10 11 12 13 14 15 | 15.8
Hexes          | 1 2 3 4 5 6 7 8 9 10 11 12 13 14 15 | 15.8
Summonings     | 1 2 3 4 5 6 7 8 9 10 11 12 13 14 15 | 15.8
Necromancy     | 1 2 3 4 5 6 7 8 9 10 11 12 13 14 15 | 15.8
Translocations | 1 2 3 4 5 6 7 8 9 10 11 12 13 14 15 | 15.8
Transmutations | 1 2 3 4 5 6 7 8 9 10 11 12 13 14 15 | 15.8
Fire Magic     | 1 2 3 4 5 6 7 8 9 10 11 12 13 14 15 | 15.8
Air Magic      | 1 2 3 4 5 6 7 8 9 10 11 12 13 14 15 | 15.8
Earth Magic    | 1 2 3 4 5 6 7 8 9 10 11 12 13 14 15 | 15.8
Poison Magic   | 1 2 3 4 5 6 7 8 9 10 11 12 13 14 15 | 15.8
Dodging        | 5 6 7 8 9 10 11 12 13 14 15 16 17 19 | 19.0
Stealth        | 5 6 7 8 9 10 11 12 13 14 15 16 17 19 | 19.0
Ice Magic      | 8 9 10 11 12 13 14 15 16 17 18 19 21 | 21.2

Action                   |  1- 3 |  4- 6 |  7- 9 | 10-12 | 13-15 | 16-18 | 19-21 | 22-24 | 25-27 || total
-------------------------+-------+-------+-------+-------+-------+-------+-------+-------+-------++-------
Melee: Dagger            |    30 |     7 |   110 |     7 |       |       |       |       |       ||   154
       Unarmed           |     1 |       |       |       |       |       |       |       |       ||     1
       Bite              |     1 |       |    11 |    17 |       |     1 |       |       |       ||    30
       Hunting sling     |       |       |     1 |     3 |       |     1 |     4 |     1 |       ||    10
       Spear             |       |       |    20 |   185 |     3 |       |       |       |       ||   208
       Punch             |       |       |       |     4 |       |       |       |       |       ||     4
 Fire: Hunting sling     |    20 |   137 |   251 |   649 |  1833 |  2227 |  1032 |  2856 |  1990 || 10995
Throw: Javelin           |       |       |     2 |       |       |       |       |       |       ||     2
       Stone             |       |       |       |     2 |       |       |       |       |       ||     2
       Throwing net      |       |       |       |     1 |       |       |       |       |       ||     1
       Boomerang         |       |       |       |       |    16 |       |       |       |       ||    16
 Cast: Freeze            |    19 |       |     8 |     1 |    13 |       |       |       |       ||    41
       Frozen Ramparts   |       |    11 |    20 |    45 |    37 |    24 |     6 |    22 |     7 ||   172
       Ozocubu's Armour  |       |     8 |    17 |    45 |    43 |    34 |       |    35 |     7 ||   189
       Mephitic Cloud    |       |       |       |     4 |    10 |     6 |       |       |       ||    20
       Slow              |       |       |       |     1 |       |       |       |       |       ||     1
       Freezing Cloud    |       |       |       |       |    50 |   139 |    94 |   181 |    60 ||   524
       Sticky Flame      |       |       |       |       |    48 |    80 |    38 |    31 |    10 ||   207
       Confusing Touch   |       |       |       |       |     1 |       |     1 |       |       ||     2
       Teleport Other    |       |       |       |       |     1 |     2 |     2 |     1 |     1 ||     7
       Starburst         |       |       |       |       |       |    12 |     2 |    13 |       ||    27
       Fireball          |       |       |       |       |       |    18 |       |     8 |     7 ||    33
       Flame Wave        |       |       |       |       |       |       |       |    49 |     9 ||    58
       Iron Shot         |       |       |       |       |       |       |       |    40 |   399 ||   439
       Polar Vortex      |       |       |       |       |       |       |       |       |    32 ||    32
       Lehudib's Crystal |       |       |       |       |       |       |       |       |    75 ||    75
       Discord           |       |       |       |       |       |       |       |       |     3 ||     3
       Borgnjor's Vile C |       |       |       |       |       |       |       |       |     2 ||     2
Invok: Curse Item        |       |       |       |     3 |     3 |     3 |     2 |     1 |     3 ||    15
       Shatter the Chain |       |       |       |       |       |       |     3 |     2 |       ||     5
Evoke: Wand              |       |       |     3 |    28 |     2 |    11 |       |     2 |       ||    46
       Tin of tremorston |       |       |       |       |       |     2 |       |       |       ||     2
       Box of beasts     |       |       |       |       |       |       |       |     1 |       ||     1
  Use: Potion            |       |       |     4 |     2 |     2 |     1 |     7 |     4 |    12 ||    32
       Scroll            |       |       |    15 |    11 |     2 |     5 |     1 |     6 |    19 ||    59
 Stab: Sleeping          |     7 |       |       |       |       |       |       |       |       ||     7
Armor: Robe              |     3 |     9 |    48 |    75 |   105 |     6 |       |       |       ||   246
       Ring mail         |       |       |       |       |    17 |   193 |   107 |   389 |   191 ||   897
Dodge: Dodged            |    29 |    33 |   154 |   317 |   683 |   563 |   196 |   572 |   515 ||  3062
Block: Buckler           |       |       |       |       |   266 |   412 |   190 |   825 |   526 ||  2219
       Reflection        |       |       |       |       |       |       |    19 |    99 |    33 ||   151

Table legend: (Time is in decaauts)
 A = Elapsed time spent in this place.
 B = Non-inter-level travel time spent in this place.
 C = Inter-level travel time spent in this place.
 D = Time resting spent in this place.
 E = Time spent auto-exploring this place.
 F = Levels seen in this place.
 G = Mean time per level.
                   A        B        C        D        E       F      G
               +--------+--------+--------+--------+--------+-----+--------+
         Total | 110887 | 100148 |  10739 |   1863 |  78503 |  54 | 2053.5 |
       Dungeon |  31149 |  26212 |   4937 |    299 |  21896 |  15 | 2076.6 |
        Temple |    130 |     96 |     34 |      0 |     82 |   1 |  130.0 |
          Lair |   9385 |   8623 |    762 |      0 |   6860 |   6 | 1564.2 |
         Swamp |   5629 |   5419 |    210 |      0 |   4567 |   4 | 1407.2 |
     Snake Pit |   7455 |   7109 |    346 |      0 |   5659 |   4 | 1863.8 |
    Slime Pits |      1 |      1 |      0 |      0 |      0 |   1 |    1.0 |
  Orcish Mines |   3035 |   2407 |    628 |      0 |   1702 |   2 | 1517.5 |
   Elven Halls |   9974 |   9258 |    716 |    143 |   6891 |   3 | 3324.7 |
        Vaults |  16269 |  15103 |   1166 |    212 |  11870 |   5 | 3253.8 |
        Depths |  13917 |  12647 |   1270 |      0 |  10252 |   4 | 3479.2 |
           Zot |   9975 |   9309 |    666 |   1209 |   5975 |   5 | 1995.0 |
         Trove |     65 |     65 |      0 |      0 |     24 |   1 |   65.0 |
        Bailey |   1439 |   1439 |      0 |      0 |   1089 |   1 | 1439.0 |
      Ice Cave |   1032 |   1032 |      0 |      0 |    728 |   1 | 1032.0 |
       Volcano |   1424 |   1424 |      0 |      0 |    904 |   1 | 1424.0 |
               +--------+--------+--------+--------+--------+-----+--------+

Top non-repeatable levels by time:
    D:15: 6881 daAuts
   Zot:5: 4879 daAuts
Depths:1: 4809 daAuts
Vaults:5: 4479 daAuts
Depths:2: 4138 daAuts
   Elf:1: 3637 daAuts
Vaults:1: 3540 daAuts
   Elf:2: 3465 daAuts
    D:10: 3351 daAuts
Vaults:4: 3252 daAuts
   Elf:3: 2871 daAuts
Vaults:3: 2725 daAuts
 Snake:4: 2556 daAuts
Depths:4: 2507 daAuts
  Lair:6: 2499 daAuts

Table legend:
 A = Kills in this place as a percentage of kills in entire the game.
 B = Kills by you in this place as a percentage of kills by you in the entire game.
 C = Kills by friends in this place as a percentage of kills by friends in the entire game.
 D = Other kills in this place as a percentage of other kills in the entire game.
 E = Experience gained in this place as a percentage of experience gained in the entire game.
 F = Experience gained in this place divided by the number of levels of this place that you have seen.
                   A       B       C       D       E      F
               +-------+-------+-------+-------+-------+----------------------
         Total | 100.0 | 100.0 | 100.0 | 100.0 | 100.0 | 25218.0
       Dungeon |  20.0 |  20.1 |   0.0 |  12.5 |   7.8 | 7082.7
          Lair |  10.8 |  10.9 |   0.0 |   0.0 |   5.5 | 12390.2
         Swamp |   5.8 |   5.8 |   0.0 |  12.5 |   5.3 | 18197.8
     Snake Pit |   7.0 |   7.1 |   0.0 |   0.0 |   7.4 | 25299.8
  Orcish Mines |   4.8 |   4.4 |  11.1 |  43.8 |   1.0 | 6862.0
   Elven Halls |   8.7 |   8.7 |   0.0 |  18.8 |   9.6 | 43775.3
        Vaults |  20.6 |  20.8 |   0.0 |   6.2 |  26.9 | 73296.2
        Depths |  11.2 |  11.3 |   0.0 |   6.2 |  19.1 | 64916.0
           Zot |   6.4 |   6.2 |  77.8 |   0.0 |  16.3 | 44470.0
        Bailey |   1.8 |   1.8 |  11.1 |   0.0 |   0.2 | 3274.0
      Ice Cave |   2.0 |   2.1 |   0.0 |   0.0 |   0.3 | 4004.0
       Volcano |   0.9 |   0.9 |   0.0 |   0.0 |   0.5 | 6376.0
               +-------+-------+-------+-------+-------+----------------------
